Workbook
Name Database: TEXT([2]Dados!$G$29,"mm-aaaa")
Name EMPRESAS: OFFSET([3]COTAÇÕES!$B$40,1,0):OFFSET([3]COTAÇÕES!$H$57,-1,0)
Name EMPRESAS: OFFSET(#REF!,1,0):OFFSET(#REF!,-1,0)
Name EMPRESAS: OFFSET(#REF!,1,0):OFFSET(#REF!,-1,0)
Name EMPRESAS: OFFSET(#REF!,1,0):OFFSET(#REF!,-1,0)
Name Fonte: 'MEMÓRIA DE CÁLCULO'!$G1
Name Fonte: 'PLANILHA ORÇAMENTÁRIA'!$I1
Name Fonte: #REF!
Name INDICES: OFFSET([3]COTAÇÕES!$B$35,1,0):OFFSET([3]COTAÇÕES!$I$39,-1,0)
Name INDICES: OFFSET(#REF!,1,0):OFFSET(#REF!,-1,0)
Name INDICES: OFFSET(#REF!,1,0):OFFSET(#REF!,-1,0)
Name INDICES: OFFSET(#REF!,1,0):OFFSET(#REF!,-1,0)
Name nao: #REF!
Name nao: #REF!
Name nao: #REF!

Sheet MEMÓRIA DE CÁLCULO
A3: MEMORIAL DE CÁLCULO
A5: OBRA: REFORMA DE QUIOSQUES | G5: DATA : ABRIL/2024
A6: LOCAL: PRAÇA JOAQUIM TEIXEIRA, CENTRO, PEDRA AZUL – MG.
A7: REGIÃO/MÊS DE REFERÊNCIA: SEINFRA/REGIÃO JEQUITINHONHA JAN/2024 COM DESONERAÇÃO / SINAPI 02/2024 DESONERADO / CAERN 11/2023 / IOPES 12/2023 DESONERADO
A8: PRAZO DE EXECUÇÃO: 03 MESES
A9: ITEM | B9: FONTE | C9: CÓDIGO | D9: DESCRIÇÃO | E9: UND. | F9: QUANT. | G9: TOTAL
A11: 1.0 | D11: SERVIÇOS PRELIMINARES
A12: 1.1 | B12: SEINFRA | C12: ED-28427 | D12: FORNECIMENTO E COLOCAÇÃO DE PLACA DE OBRA EM CHAPA GALVANIZADA #26, ESP. 0,45MM, DIMENSÃO (3X1,5)M, PLOTADA COM ADESIVO VINÍLICO, AFIXADA COM REBITES 4,8X40MM, EM ESTRUTURA METÁLICA DE METALON 20X20MM, ESP. 1,25MM, INCLUSIVE SUPORTE EM EUCALIPTO AUTOCLAVADO PINTADO COM TINTA PVA DUAS (2) DEMÃOS | E12: UNID | F12: 1 | G12: 1 UNIDADE
A13: 1.2 | B13: SEINFRA | C13: ED-48467 | D13: REMOÇÃO DE LOUÇAS (LAVATÓRIO, BANHEIRA, PIA, VASO SANITÁRIO, TANQUE), COM REAPROVEITAMENTO, INCLUSIVE AFASTAMENTO E EMPILHAMENTO, EXCLUSIVE TRANSPORTE E RETIRADA DO MATERIAL REMOVIDO NÃO REAPROVEITÁVEL | E13: UNID | F13: 3 | G13: 3 BACIA SANITÁRIA
A14: 1.3 | B14: SEINFRA | C14: ED-48436 | D14: DEMOLIÇÃO MANUAL DE ALVENARIA DE TIJOLO CERÂMICO MACIÇO, INCLUSIVE AFASTAMENTO E EMPILHAMENTO, EXCLUSIVE TRANSPORTE E RETIRADA DO MATERIAL DEMOLIDO | E14: M3 | F14: =ROUND((1.36+1.21)*3*0.15,2) -> 1.16 | G14: (1,36+1,21) M LINEAR X 3 M ALTURA X 0,15 M ESPESSURA
A15: 1.4 | B15: SEINFRA | C15: ED-48501 | D15: DEMOLIÇÃO MANUAL DE REBOCO OU EMBOÇO, COM ESPESSURA DE ATÉ 55MM, INCLUSIVE AFASTAMENTO E EMPILHAMENTO, EXCLUSIVE TRANSPORTE E RETIRADA DO MATERIAL DEMOLIDO | E15: M2 | F15: =ROUND((2*3.1415*3.5*3*2*2)+(((2.3+3.3+0.95+0.93+2.35+0.57+0.57+1.89)+(2.3+3.3+3.3+3.21))*3*2)-((((2.13+2.02)*1)+(1.5*0.6))*2),2) -> 403.61 | G15: ((2*3,1415*3,5) FÓRMULA CIRCUNFERÊNCIA DO CÍRCULO * 3 M ALTURA X 2 LADOS X 2 QUIOSQUES) + (((2,30+3,30+0,95+0,93+2,35+0,57+0,57+1,89) QUIOSQUE 01 + (2,30+3,30+3,30+3,21) QUIOSQUE 02)) X 3 M ALTURA X 2 LADOS) - (((2,13+2,02) M LARGURA X 1 M ALTURA) + (1,50 M LARGURA X 0,60 M ALTURA)) GRADES X 2 QUIOSQUES
A16: 1.5 | B16: SEINFRA | C16: ED-48479 | D16: DEMOLIÇÃO MANUAL DE PISO CIMENTADO OU CONTRAPISO DE ARGAMASSA, COM ESPESSURA MÁXIMA DE 10CM, INCLUSIVE AFASTAMENTO E EMPILHAMENTO, EXCLUSIVE TRANSPORTE E RETIRADA DO MATERIAL DEMOLIDO | E16: M2 | F16: =ROUND(3.1415*7^2/4*2,2) -> 76.97 | G16: 3,1415 pi * 7^2 / 4 FÓRMULA DA ÁREA DO CÍRCULO X 2 QUIOSQUES
A17: 1.6 | B17: SEINFRA | C17: ED-48514 | D17: REMOÇÃO MANUAL DE TELHA CERÂMICA, COM REAPROVEITAMENTO, INCLUSIVE AFASTAMENTO E EMPILHAMENTO, EXCLUSIVE TRANSPORTE E RETIRADA DO MATERIAL REMOVIDO NÃO REAPROVEITÁVEL | E17: M2 | F17: =ROUND(3.1415*7^2/4*2,2) -> 76.97 | G17: 3,1415 pi * 7^2 / 4 FÓRMULA DA ÁREA DO CÍRCULO X 2 QUIOSQUES
A18: 1.7 | B18: SEINFRA | C18: ED-48457 | D18: REMOÇÃO MANUAL DE ENGRADAMENTO PARA TELHA TIPO CERÂMICA OU CONCRETO, INCLUSIVE AFASTAMENTO E EMPILHAMENTO, EXCLUSIVE TRANSPORTE E RETIRADA DO MATERIAL REMOVIDO NÃO REAPROVEITÁVEL | E18: M2 | F18: =ROUND(3.1415*7^2/4*2,2) -> 76.97 | G18: 3,1415 pi * 7^2 / 4 FÓRMULA DA ÁREA DO CÍRCULO X 2 QUIOSQUES
A19: 1.8 | B19: SEINFRA | C19: ED-48500 | D19: DEMOLIÇÃO MANUAL DE TUBULAÇÕES EMBUTIDAS DE REDE (ÁGUA, ELÉTRICA, GASES, ETC.), INCLUSIVE RASGO EM ALVENARIA, REMOÇÃO DE ACESSÓRIOS DE FIXAÇÃO, AFASTAMENTO E EMPILHAMENTO, EXCLUSIVE TRANSPORTE E RETIRADA DO MATERIAL DEMOLIDO | E19: M | F19: 20 | G19: 10 M PARA CADA QUIOSQUE
A20: 1.9 | B20: SEINFRA | C20: ED-48493 | D20: REMOÇÃO MANUAL DE ESQUADRIA EM MADEIRA, COM REAPROVEITAMENTO, INCLUSIVE REMOÇÃO DE MARCO/ALIZAR/GUARNIÇÕES, AFASTAMENTO E EMPILHAMENTO, EXCLUSIVE TRANSPORTE E RETIRADA DO MATERIAL REMOVIDO NÃO REAPROVEITÁVEL | E20: M2 | F20: =ROUND(0.8*2.1*1*2,2) -> 3.36 | G20: 0,80 M * 2,10 M X 1 UNIDADE X 2 QUIOSQUES
A21: 1.10 | B21: SEINFRA | C21: ED-48497 | D21: REMOÇÃO MANUAL DE ESQUADRIA METÁLICA, COM REAPROVEITAMENTO, INCLUSIVE MARCO/ALIZAR/GUARNIÇÕES, AFASTAMENTO E EMPILHAMENTO, EXCLUSIVE TRANSPORTE E RETIRADA DO MATERIAL REMOVIDO NÃO REAPROVEITÁVEL | E21: M2 | F21: =ROUND((((2.13+2.02)*1)+(1.5*0.6))*2,2) -> 10.1 | G21: (((2,13+2,02) M LARGURA X 1 M ALTURA) + (1,50 M LARGURA X 0,60 M ALTURA)) GRADES X 2 QUIOSQUES
A23: 2.0 | D23: ALVENARIA
A24: 2.1 | B24: SEINFRA | C24: ED-48232 | D24: ALVENARIA DE VEDAÇÃO COM TIJOLO CERÂMICO FURADO, ESP. 14CM, PARA REVESTIMENTO, INCLUSIVE ARGAMASSA PARA ASSENTAMENTO | E24: M2 | F24: =ROUND((2.94+1.34+2.9+1.32)*1.7,2) -> 14.45 | G24: (2,94+1,34+2,90+1,32) X 1,7 M ALTURA QUIOSQUE 02
A26: 3.0 | D26: INSTALAÇÕES HIDROSSANITÁRIAS
A27: 3.1 | B27: SEINFRA | C27: ED-50221 | D27: PONTO DE EMBUTIR PARA ÁGUA FRIA EM TUBO DE PVC RÍGIDO SOLDÁVEL, DN 20MM (1/2"), EMBUTIDO NA ALVENARIA COM DISTÂNCIA DE ATÉ CINCO (5) METROS DA TOMADA DE ÁGUA, INCLUSIVE CONEXÕES E FIXAÇÃO DO TUBO COM ENCHIMENTO DO RASGO NA ALVENARIA/CONCRETO COM ARGAMASSA | E27: UNID | F27: 10 | G27: (1 PONTO COPA, 1 OFICINA, 1 RESERVATÓRIO, 1 DEPÓSITO) QUIOSQUE 01 + (1 PONTO COPA, 2 PONTOS BANHO MASC, 2 PONTOS BANHO FEM, 1 PONTO RESERVATÓRIO)
A28: 3.2 | B28: CAERN | C28: 1070073 | D28: PONTO DE ÁGUA FRIA COM TUBULAÇÃO DE PVC, DN 50 MM, INCLUSOSRASGO E CHUMBAMENTO EM ALVENARIA. R_05/2019 | E28: UNID | F28: 3 | G28: 1 WC + 1 BANHO MASC. + 1 BANHO FEM.
A29: 3.3 | B29: SEINFRA | C29: ED-49934 | D29: CAIXA D´ÁGUA DE POLIETILENO, CAPACIDADE DE 250L, INCLUSIVE TAMPA, TORNEIRA DE BOIA, EXTRAVASOR, TUBO DE LIMPEZA E ACESSÓRIOS, EXCLUSIVE TUBULAÇÃO DE ENTRADA/ SAÍDA DE ÁGUA | E29: UNID | F29: 2 | G29: 1 UNID EM CADA QUIOSQUE
A30: 3.4 | B30: SEINFRA | C30: ED-50224 | D30: PONTO DE EMBUTIR PARA ESGOTO EM TUBO PVC RÍGIDO, PBV -SÉRIE NORMAL, DN 50MM (2"), EMBUTIDO EM PISO COM DISTÂNCIA DE ATÉ CINCO (5) METROS DO RAMAL DE ESGOTO, EXCLUSIVE ESCAVAÇÃO, INCLUSIVE CONEXÕES E FIXAÇÃO DO TUBO COM ENCHIMENTO DO RASGO NO CONCRETO COM ARGAMASSA | E30: UNID | F30: 14 | G30: ((1 PONTO PIA, 1 PONTO RALO) COPA + (1 PONTO BACIA SANITÁRIO + 1 RALO) WC + ( 1 PONTO RALO OFICINA) + 1 PONTO DEPÓSITO) QUIOSQUE 01 + ((1 PONTO PIA, 1 PONTO RALO) COPA + ( 1 PONTO LAVATÓRIO, 2 RALOS) BANHO MASC + (1 PONTO LAVATÓRIO, 2 RALOS) BANHO FEM) QUIOSQUE 02
A31: 3.5 | B31: SEINFRA | C31: ED-50011 | D31: CAIXA SIFONADA EM PVC COM GRELHA REDONDA 100 X 100 X 50 MM | E31: UNID | F31: 8 | G31: (1 COPA, 1 WC, 1 OFICINA) QUIOSQUE 01 + (1 COPA, 2 BANHEIRO MASC, 2 BANHEIRO FEM)
A32: 3.6 | B32: SINAPI | C32: 98110 | D32: CAIXA DE GORDURA PEQUENA (CAPACIDADE: 19 L), CIRCULAR, EM PVC, DIÂMETRO INTERNO= 0,3 M. AF_12/2020 | E32: UNID | F32: 2 | G32: 1 UNID COPA EM CADA QUIOSQUE
A34: 4.0 | D34: INSTALAÇÕES ELÉTRICAS
A35: 4.1 | B35: SEINFRA | C35: ED-50227 | D35: PONTO DE EMBUTIR PARA UM (1) INTERRUPTOR SIMPLES (10A-250V), COM PLACA 4"X2" DE UM (1) POSTO, COM ELETRODUTO FLEXÍVEL CORRUGADO, ANTI-CHAMA, DN 25MM (3/4"), EMBUTIDO NA ALVENARIA E CABO DE COBRE FLEXÍVEL, CLASSE 5, ISOLAMENTO TIPO LSHF/ATOX, NÃO HALOGENADO, SEÇÃO 1,5MM2 (70°C-450/750V), COM DISTÂNCIA DE ATÉ DEZ (10) METROS DO PONTO DE DERIVAÇÃO, INCLUSIVE CAIXA DE LIGAÇÃO, SUPORTE E FIXAÇÃO DO ELETRODUTO COM ENCHIMENTO DO RASGO NA ALVENARIA/CONCRETO COM ARGAMASSA | E35: UNID | F35: 9 | G35: 5 PONTOS QUIOSQUE 01 E 4 PONTOS QUIOSQUE 02
A36: 4.2 | B36: SEINFRA | C36: ED-50228 | D36: PONTO DE EMBUTIR PARA UMA (1) LUMINÁRIA,COM ELETRODUTO DE PVC RÍGIDO ROSCÁVEL, DN 20MM (3/4"), EMBUTIDO NA LAJE E CABO DE COBRE FLEXÍVEL, CLASSE 5, ISOLAMENTO TIPO LSHF/ ATOX, NÃO HALOGENADO, SEÇÃO 1,5MM2 (70°C-450/750V), COM DISTÂNCIA DE ATÉ CINCO (5) METROS DO PONTO DE DERIVAÇÃO, EXCLUSIVE LUMINÁRIA, INCLUSIVE CAIXA DE LIGAÇÃO OCTOGONAL, SUPORTE E FIXAÇÃO DO ELETRODUTO | E36: UNID | F36: 11 | G36: ( 1 PONTO RECEPÇÃO, 1 PONTO COPA, 1 PONTO OFICINA, 1 PONTO DEPÓSITO, 1 PONTO WC) QUIOSQUE 01 + (1 PONTO RECEPÇÃO, 1 PONTO COPA, 2 PONTOS BANHO MASC, 2 PONTOS MANHO FEM) QUIOSQUE 02
A37: 4.3 | B37: SEINFRA | C37: ED-50232 | D37: PONTO DE EMBUTIR PARA UMA (1) TOMADA PADRÃO, TRÊS (3) POLOS (2P+T/10A-250V), COM PLACA 4"X2" DE UM (1) POSTO, COM ELETRODUTO FLEXÍVEL CORRUGADO, ANTI-CHAMA, DN 25MM (3/4"), EMBUTIDO NA ALVENARIA E CABO DE COBRE FLEXÍVEL, CLASSE 5, ISOLAMENTO TIPO LSHF/ATOX, NÃO HALOGENADO, SEÇÃO 2,5MM2 (70°C-450/750V), COM DISTÂNCIA DE ATÉ DEZ (10) METROS DO PONTO DE DERIVAÇÃO, INCLUSIVE CAIXA DE LIGAÇÃO, SUPORTE E FIXAÇÃO DO ELETRODUTO COM ENCHIMENTO DO RASGO NA ALVENARIA/CONCRETO COM ARGAMASSA | E37: UNID | F37: 7 | G37: ( 1 PONTO RECEPÇÃO, 1 OFICINA, 2 COPAS) QUIOSQUE 01 + (1 RECEPÇÃO, 2 COPA) QUIOSQUE 02
A38: 4.4 | B38: IOPES | C38: 151805 | D38: Ponto padrão de tomada para chuveiro elétrico - considerando eletroduto PVC rígido de 3/4" inclusive conexões (9.0m), fio isolado PVC de 6.0mm2 (32.5m) e caixa PVC 4x2" (1 und) | E38: UNID | F38: 2 | G38: 1 BANHO MASC. + 1 BANHO FEM.
A39: 4.5 | B39: SEINFRA | C39: ED-49498 | D39: QUADRO DE DISTRIBUIÇÃO PARA 8 MÓDULOS COM BARRAMENTO E CHAVE | E39: UNID | F39: 2 | G39: 1 UNID EM CADA QUIOSQUE
A40: 4.6 | B40: SEINFRA | C40: ED-34464 | D40: DISJUNTOR MONOPOLAR TIPO DIN, CORRENTE NOMINAL DE 32A, FORNECIMENTO E INSTALAÇÃO, INCLUSIVE TERMINAL ILHÓS | E40: UNID | F40: 8 | G40: 4 UNIDADES QUIOSQUE 01 + 4 UNIDADES QUIOSQUE 02
A41: 4.7 | B41: SEINFRA | C41: ED-13356 | D41: LUMINÁRIA PLAFON REDONDO DE VIDRO JATEADO REDONDO COMPLETA, DIÂMETRO 25 CM, PARA UMA (1) LÂMPADA LED, POTÊNCIA 9W, BULBO A60, FORNECIMENTO E INSTALAÇÃO, INCLUSIVE BASE E LÂMPADA | E41: UNID | F41: 11 | G41: ( 1 PONTO RECEPÇÃO, 1 PONTO COPA, 1 PONTO OFICINA, 1 PONTO DEPÓSITO, 1 PONTO WC) QUIOSQUE 01 + (1 PONTO RECEPÇÃO, 1 PONTO COPA, 2 PONTOS BANHO MASC, 2 PONTOS MANHO FEM) QUIOSQUE 02
A43: 5.0 | D43: ESQUADRIAS
A44: 5.1 | B44: SEINFRA | C44: ED-23034 | D44: PORTA METÁLICA, TIPO DE ABRIR, COM UMA (1) FOLHA, EM CHAPA GALVANIZADA LAMBRIL, MODELO QUADRADO, INCLUSIVE PINTURA ANTICORROSIVA A BASE DE ÓXIDO DE FERRO (ZARCÃO), UMA (1) DEMÃO, FORNECIMENTO E ASSENTAMENTO, EXCLUSIVE FECHADURA E DOBRADIÇA | E44: M2 | F44: =ROUND((0.7*2.1)+(0.8*2.1*4),2) -> 8.19 | G44: (0,70*2,10*1 UNIDADE) P01 + (0,8*2,10*4 UNIDADES) P02
A45: 5.2 | B45: SEINFRA | C45: ED-50977 | D45: PORTA METÁLICA PARA SANITÁRIO EM CHAPA GALVANIZADA, ESP. 1,25MM (GSG-18), DIMENSÃO (80X150)CM, TIPO DE ABRIR, UMA (1) FOLHA, INCLUSIVE BATENTE, ESTRUTURA EM METALON ( 20X30)MM, DOBRADIÇA E TRANQUETA, EXCLUSIVE PINTURA | E45: UNID | F45: 4 | G45: 4 UNIDADES p03
A46: 5.3 | B46: SEINFRA | C46: ED-50970 | D46: PORTA AÇO DE ENROLAR, TIPO LÂMINA RAIADA, COM ABERTURA MANUAL, COMPLETA, INCLUSIVE FORNECIMENTO, EIXO, MOLA, SOLEIRA, ETIQUETA, CAVALETE, GUIAS, FITAS E FECHADURAS LATERAIS | E46: M2 | F46: =ROUND(2.6*1.6*4,2) -> 16.64 | G46: (2,60*1,60*4 UNIDADES) J02 PORTA DE ENROLAR
A47: 5.4 | B47: SEINFRA | C47: ED-32032 | D47: JANELA VENEZIANA FIXA (JV), CONFORME CADERNO DE PROJETO PADRÃO PENITENCIÁRIA-MG (DETALHE EQ18), INCLUSIVE FORNECIMENTO, INSTALAÇÃO E PINTURA ESMALTE SINTÉTICO, DUAS (2) DEMÃOS COM UMA (1) DEMÃO DE FUNDO ANTICORROSIVO | E47: M2 | F47: =ROUND(1.5*0.6*6,2) -> 5.4 | G47: 1,50 * 0,60 * 6 UNIDADES J01
A48: 5.5 | B48: SEINFRA | C48: ED-23033 | D48: FERRAGENS PARA PORTA METÁLICA, DE ABRIR, COM UMA (1) FOLHAS, INCLUSIVE FECHADURA TIPO EXTERNA COM GRAU DE SEGURANÇA MÉDIO, ACABAMENTO EM ESPELHO CROMADO COM MAÇANETA MODELO ALAVANCA EM ZAMAC E DOBRADIÇA DE FERRO, MEDIDAS (3"X2.1/2"), TIPO PINO SOLTO COM BOLA, ACABAMENTO CROMADO, FORNECIMENTO, ACESSÓRIOS E INSTALAÇÃO, EXCLUSIVE PORTA METÁLICA | E48: UNID | F48: 5 | G48: 1 UNIDADE P01 + 4 UNIDADES P02
A50: 6.0 | D50: REVESTIMENTOS
A51: 6.1 | B51: SEINFRA | C51: ED-50727 | D51: CHAPISCO COM ARGAMASSA, TRAÇO 1:3 (CIMENTO E AREIA), ESP . 5MM, APLICADO EM ALVENARIA/ESTRUTURA DE CONCRETO COM COLHER, INCLUSIVE ARGAMASSA COM PREPARO MECANIZADO | E51: M2 | F51: =ROUND((2*3.1415*3.5*3*2)+(((1.76+1.5+1.89+2.35+0.93+0.95+2.37)+(1.35+0.8+1.35+0.8)+(2.35+1.79+1.5+1.79+2.63+0.95+0.57)+(3.3+3.21+0.9+1.36+1.5+1.36)+(2.53+0.15+2.53+3.3+3.3))*3)+(((1.72+1.5+1+0.9+1.86+1.34+1.18+1.95)+(3.3+0.9+1.35+1.5+1.37+1.88+1.18)+(3.3+3.21+0.9+1.36+1.5+1.36)+(2.53+0.15+2.53+3.3+3.3))*3)+(((2.94+1.7+1.18+1.34+1.34)+(2.9+1.18+1.66+1.32+1.32))*1.7)-(((0.7*2.1)+(0.8*2.1*4)+(0.7*1.8*4)+(0.8*2.1*3)+(1.5*0.6*6)+(2.6*1.6*4))*2),2) -> 372.34 | G51: ((2*3,1415*3,5) FÓRMULA CIRCUNFERÊNCIA DO CÍRCULO * 3 M ALTURA X 2 QUIOSQUES) PARTE EXTERNA + (((1,76+1,5+1,89+2,35+0,93+0,95+2,37) COPA + (1,35+0,8+1,35+0,8) WC + (2,35+1,79+1,5+1,79+2,63+0,95+0,57) DEPÓSITO + (3,30+3,21+0,9+1,36+1,5+1,36) OFICINA + (2,53+0,15+2,53+3,30+3,30) RECEPÇÃO) X 3 M ALTURA) + (((1,72+1,5+1+0,9+1,86+1,34+1,18+1,95) BANHO MASC. + (3,30+0,9+1,35+1,50+1,37+1,88+1,18) BANHO FEM + (3,30+3,21+0,90+1,36+1,5+1,36) COPA + (2,53+0,15+2,53+3,30+3,30) RECEPÇÃO) X 1,70 M ALTURA) + (((2,94+1,70+1,18+1,34+1,34) DIVISORIAS BAN. MASC. + (2,9+1,18+1,66+1,32+1,32) DIVISORIAS BAN. FEM.) X 1,70 M ALTURA) - (((0,7*2,10) P01 + (0,80*2,10*4 UNIDADES) P02 + (0,7*1,80*4) P03 + (0,8*2,1*3) V 01 + (1,50*0,6*6) J01 + (2,60*1,60*4) J02) X 2 LADOS)
A52: 6.2 | B52: ORSE | C52: ED-50732 | D52: EMBOÇO COM ARGAMASSA, TRAÇO 1:6 (CIMENTO E AREIA), ESP.20MM, APLICAÇÃO MANUAL, INCLUSIVE ARGAMASSA COM PREPARO MECANIZADO, EXCLUSIVE CHAPISCO | E52: M2 | F52: =ROUND((((1.76+1.5+1.89+2.35+0.93+0.95+2.37)+(0.8+1.35+0.8+1.35))*3)-((0.8*2.1)+(1.5*0.6))+(((1.72+1.5+1+0.8+0.1+1.86+1.34+1.18+1.95)+(3.3+0.9+1.35+1.5+1.37+1.88+1.18)+(3.29+3.21+0.9+1.36+1.5+1.36))*3)+(((2.94+1.7+1.18+1.34+1.34)+(2.9+1.18+1.32+1.66+1.32))*1.7)-((0.8*2.1*3)+(0.7*1.8*4*2)+(0.8*2.1)+(1.5*0.6*3)+(2.6*1.6*2)),2) -> 150.1 | G52: (((1,76+1,50+1,89+2,35+0,93+0,95+2,37) COPA + (0,80+1,35+0,80+1,35) WC) X 3 M ALTURA) - ((0,8*2,10) P02 + (1,50*0,6) J01+ (0,7*2,10) P01) QUIOSQUE 01 + (((1,72+1,50+1,00+0,80+0,10+1,86+1,34+1,18+1,95) BANHO MASC + (3,30+0,90+1,35+1,50+1,37+1,88+1,18) BANHO FEM + (3,29+3,21+0,90+1,36+1,50+1,36) COPA) X 3 M ALTURA) + ((2,94+1,70+1,18+1,34+1,34) DIVISÓRIAS BANHO MASC + (2,90+1,18+1,32+1,66+1,32) DIVISÓRIAS BANHO FEM) X 1,70 M ALTURA) - ((0,8*2,10*3) P02 + (0,7*1,8*4*2 LADOS) P03 + (0,8*2,1) V01 + (1,5*0,6*3) J01 + (2,60*1,6*2) J02)
A53: 6.3 | B53: SEINFRA | C53: ED-50762 | D53: REVESTIMENTO COM ARGAMASSA EM CAMADA ÚNICA, APLICADO EM PAREDE, TRAÇO 1:3 (CIMENTO E AREIA), ESP. 20MM, APLICAÇÃO MANUAL, INCLUSIVE ARGAMASSA COM PREPARO MECANIZADO, EXCLUSIVE CHAPISCO | E53: M2 | F53: =ROUND(((2*3.1415*3.5)*3*2)+(((2.53+0.15+2.53+3.3+3.3)+(1.36+1.5+1.36+0.9+3.21+3.3)+(2.63+0.95+0.57+2.35+1.79+1.5+1.79))*3)-((2.6*1.6*2*2)+(1.5*0.6*5)+(0.7*2.1)+(0.8*2.1*3))+((2.23+0.15+2.53+3.3+3.3)*3)-((2.6*1.6*2*2)+(0.8*2.1)+(0.8*2.1*3)+(1.5*0.6*3)),2) -> 217.82 | G53: ((2*3,1415*3,5) FÓRMULA CIRCUNFERÊNCIA DO CÍRCULO * 3 M ALTURA X 2 QUIOSQUES) + (((2,53+0,15+2,53++3,30+3,30) RECEPÇÃO + (1,36+1,50+1,36+0,90+3,21+3,30) OFICINA + (2,63+0,95+0,57+2,35+1,79+1,50+1,79) DEPÓSITO) X 3 M ALTURA) - ((2,60*1,60*2*2 LADOS) J02 + (1,50*0,60*5) J01 + (0,7*2,10) P01 + (0,80*2,10*2*2) V01 + (0,8*2,10*3)P02) QUIOSQUE 01 + ((2,23+0,15+2,53+3,30+3,30) RECEPÇÃO X 3 M ALTURA) - ((2,60*1,60*2*2) J02 + (0,8*2,1) V01 + (0,8*2,10*3) P02 + (1,50*0,6*3) J01)
A54: 6.4 | B54: SEINFRA | C54: ED-9081 | D54: REVESTIMENTO COM CERÂMICA APLICADO EM PAREDE, ACABAMENTO ESMALTADO, AMBIENTE INTERNO/EXTERNO, PADRÃO EXTRA, DIMENSÃO DA PEÇA ATÉ 2025 CM2, PEI III, ASSENTAMENTO COM ARGAMASSA INDUSTRIALIZADA, INCLUSIVE REJUNTAMENTO | E54: M2 | F54: =ROUND((((1.76+1.5+1.89+2.35+0.93+0.95+2.37)+(0.8+1.35+0.8+1.35))*3)-((0.8*2.1)+(1.5*0.6))+(((1.72+1.5+1+0.8+0.1+1.86+1.34+1.18+1.95)+(3.3+0.9+1.35+1.5+1.37+1.88+1.18)+(3.29+3.21+0.9+1.36+1.5+1.36))*3)+(((2.94+1.7+1.18+1.34+1.34)+(2.9+1.18+1.32+1.66+1.32))*1.7)-((0.8*2.1*3)+(0.7*1.8*4*2)+(0.8*2.1)+(1.5*0.6*3)+(2.6*1.6*2)),2) -> 150.1 | G54: (((1,76+1,50+1,89+2,35+0,93+0,95+2,37) COPA + (0,80+1,35+0,80+1,35) WC) X 3 M ALTURA) - ((0,8*2,10) P02 + (1,50*0,6) J01+ (0,7*2,10) P01) QUIOSQUE 01 + (((1,72+1,50+1,00+0,80+0,10+1,86+1,34+1,18+1,95) BANHO MASC + (3,30+0,90+1,35+1,50+1,37+1,88+1,18) BANHO FEM + (3,29+3,21+0,90+1,36+1,50+1,36) COPA) X 3 M ALTURA) + ((2,94+1,70+1,18+1,34+1,34) DIVISÓRIAS BANHO MASC + (2,90+1,18+1,32+1,66+1,32) DIVISÓRIAS BANHO FEM) X 1,70 M ALTURA) - ((0,8*2,10*3) P02 + (0,7*1,8*4*2 LADOS) P03 + (0,8*2,1) V01 + (1,5*0,6*3) J01 + (2,60*1,6*2) J02)
A56: 7.0 | D56: COBERTURA E FORROS
A57: 7.1 | B57: SEINFRA | C57: ED-48407 | D57: ENGRADAMENTO EM MADEIRA PARAJU OU EQUIVALENTE, PARA TELHAS CERÂMICAS OU DE CONCRETO, EXCLUSIVE TELHAS | E57: M2 | F57: =ROUND(3.1415*8.6^2/4*2,2) -> 116.17 | G57: 3,1415 X 8,60^2 M DIÂMETRO / 4 FORMULA ÁREA DO CÍRCULO X QUIOSQUES
A58: 7.2 | B58: SEINFRA | C58: ED-48421 | D58: COBERTURA EM TELHA CERÂMICA, TIPO COLONIAL, INCLUSIVE FIXAÇÃO, EXCLUSIVE ENGRADAMENTO E MANTA ISOLANTE/TÉRMICA | E58: M2 | F58: =ROUND(3.1415*8.6^2/4*2,2) -> 116.17 | G58: 3,1415 X 8,60^2 M DIÂMETRO / 4 FORMULA ÁREA DO CÍRCULO X 2 QUIOSQUES
A59: 7.3 | B59: SEINFRA | C59: ED-28728 | D59: FORRO EM RÉGUA DE PVC, LARGURA 20CM, NA COR BRANCA, INCLUSIVE ESTRUTURA DE FIXAÇÃO E PENDURAIS METÁLICOS E ACESSÓRIOS DE FIXAÇÃO, EXCLUSIVE RODAFORRO OU MOLDURA | E59: M2 | F59: =ROUND(8.44+7.67+8.57+7.84+8.44+8.57+8.44+8.57,2) -> 66.54 | G59: (8,44 RECEPÇÃO + 7,67 COPA + 8,57 OFICINA + 7,84 DEPÓSITO) QUIOSQUE 01 + (8,44 RECEPÇÃO + 8,57 BANHO MASC. + 8,44 BANHO FEM. + 8,57 COPA) QUIOSQUE 02
A60: 7.4 | B60: SEINFRA | C60: ED-28751 | D60: RODAFORRO EM PVC, TIPO "U", NA COR BRANCA, PARA FORRO EM RÉGUA DE PVC, INCLUSIVE ACESSÓRIOS DE FIXAÇÃO | E60: M | F60: =ROUND((1.76+1.5+1.89+2.35+0.93+0.95+2.37)+(1.35+0.8+1.35+0.8)+(2.35+1.79+1.5+1.79+2.63+0.95+0.57)+(3.3+3.21+0.9+1.36+1.5+1.36)+(2.53+0.15+2.53+3.3+3.3)+(1.72+1.5+1+0.9+1.86+1.34+1.18+1.95)+(3.3+0.9+1.35+1.5+1.37+1.88+1.18)+(3.3+3.21+0.9+1.36+1.5+1.36)+(2.53+0.15+2.53+3.3+3.3),2) -> 97.44 | G60: (1,76+1,5+1,89+2,35+0,93+0,95+2,37) COPA + (1,35+0,8+1,35+0,8) WC + (2,35+1,79+1,5+1,79+2,63+0,95+0,57) DEPÓSITO + (3,30+3,21+0,9+1,36+1,5+1,36) OFICINA + (2,53+0,15+2,53+3,30+3,30) RECEPÇÃO) + (1,72+1,5+1+0,9+1,86+1,34+1,18+1,95) BANHO MASC. + (3,30+0,9+1,35+1,50+1,37+1,88+1,18) BANHO FEM + (3,30+3,21+0,90+1,36+1,5+1,36) COPA + (2,53+0,15+2,53+3,30+3,30) RECEPÇÃO
A62: 8.0 | D62: PISO
A63: 8.1 | B63: SEINFRA | C63: ED-50566 | D63: CONTRAPISO DESEMPENADO COM ARGAMASSA, TRAÇO 1:3 ( CIMENTO E AREIA), ESP. 20MM | E63: M2 | F63: =ROUND(8.44+7.67+8.57+7.84+8.44+8.57+8.44+8.57,2) -> 66.54 | G63: (8,44 RECEPÇÃO + 7,67 COPA + 8,57 OFICINA + 7,84 DEPÓSITO) QUIOSQUE 01 + (8,44 RECEPÇÃO + 8,57 BANHO MASC. + 8,44 BANHO FEM. + 8,57 COPA) QUIOSQUE 02
A64: 8.2 | B64: SEINFRA | C64: ED-50724 | D64: REVESTIMENTO COM CERÂMICA APLICADO EM PISO, ACABAMENTO ESMALTADO, AMBIENTE INTERNO, PADRÃO EXTRA, DIMENSÃO DA PEÇA ATÉ 2025 CM2, PEI IV, ASSENTAMENTO COM ARGAMASSA INDUSTRIALIZADA, INCLUSIVE REJUNTAMENTO | E64: M2 | F64: =ROUND(8.44+7.67+8.57+7.84+8.44+8.57+8.44+8.57,2) -> 66.54 | G64: (8,44 RECEPÇÃO + 7,67 COPA + 8,57 OFICINA + 7,84 DEPÓSITO) QUIOSQUE 01 + (8,44 RECEPÇÃO + 8,57 BANHO MASC. + 8,44 BANHO FEM. + 8,57 COPA) QUIOSQUE 02
A65: 8.3 | B65: SEINFRA | C65: ED-50771 | D65: RODAPÉ COM REVESTIMENTO EM CERÂMICA ESMALTADA COMERCIAL, ALTURA 10CM, PEI IV, ASSENTAMENTO COM ARGAMASSA INDUSTRIALIZADA, INCLUSIVE REJUNTAMENTO | E65: M | F65: =ROUND((1.76+1.5+1.89+2.35+0.93+0.95+2.37)+(1.35+0.8+1.35+0.8)+(2.35+1.79+1.5+1.79+2.63+0.95+0.57)+(3.3+3.21+0.9+1.36+1.5+1.36)+(2.53+0.15+2.53+3.3+3.3)+(1.72+1.5+1+0.9+1.86+1.34+1.18+1.95)+(3.3+0.9+1.35+1.5+1.37+1.88+1.18)+(3.3+3.21+0.9+1.36+1.5+1.36)+(2.53+0.15+2.53+3.3+3.3),2) -> 97.44 | G65: (1,76+1,5+1,89+2,35+0,93+0,95+2,37) COPA + (1,35+0,8+1,35+0,8) WC + (2,35+1,79+1,5+1,79+2,63+0,95+0,57) DEPÓSITO + (3,30+3,21+0,9+1,36+1,5+1,36) OFICINA + (2,53+0,15+2,53+3,30+3,30) RECEPÇÃO) + (1,72+1,5+1+0,9+1,86+1,34+1,18+1,95) BANHO MASC. + (3,30+0,9+1,35+1,50+1,37+1,88+1,18) BANHO FEM + (3,30+3,21+0,90+1,36+1,5+1,36) COPA + (2,53+0,15+2,53+3,30+3,30) RECEPÇÃO
A67: 9.0 | D67: PINTURA
A68: 9.1 | B68: SEINFRA | C68: ED-50514 | D68: PREPARAÇÃO PARA EMASSAMENTO OU PINTURA (LÁTEX/ ACRÍLICA) EM PAREDE, INCLUSIVE UMA (1) DEMÃO DE SELADOR ACRÍLICO | E68: M2 | F68: =ROUND(((2*3.1415*3.5)*3*2)+(((2.53+0.15+2.53+3.3+3.3)+(1.36+1.5+1.36+0.9+3.21+3.3)+(2.63+0.95+0.57+2.35+1.79+1.5+1.79))*3)-((2.6*1.6*2*2)+(1.5*0.6*5)+(0.7*2.1)+(0.8*2.1*3))+((2.23+0.15+2.53+3.3+3.3)*3)-((2.6*1.6*2*2)+(0.8*2.1)+(0.8*2.1*3)+(1.5*0.6*3)),2) -> 217.82 | G68: ((2*3,1415*3,5) FÓRMULA CIRCUNFERÊNCIA DO CÍRCULO * 3 M ALTURA X 2 QUIOSQUES) + (((2,53+0,15+2,53++3,30+3,30) RECEPÇÃO + (1,36+1,50+1,36+0,90+3,21+3,30) OFICINA + (2,63+0,95+0,57+2,35+1,79+1,50+1,79) DEPÓSITO) X 3 M ALTURA) - ((2,60*1,60*2*2 LADOS) J02 + (1,50*0,60*5) J01 + (0,7*2,10) P01 + (0,80*2,10*2*2) V01 + (0,8*2,10*3)P02) QUIOSQUE 01 + ((2,23+0,15+2,53+3,30+3,30) RECEPÇÃO X 3 M ALTURA) - ((2,60*1,60*2*2) J02 + (0,8*2,1) V01 + (0,8*2,10*3) P02 + (1,50*0,6*3) J01)
A69: 9.2 | B69: SEINFRA | C69: ED-50451 | D69: PINTURA ACRÍLICA EM PAREDE, DUAS (2) DEMÃOS, EXCLUSIVE SELADOR ACRÍLICO E MASSA ACRÍLICA/CORRIDA (PVA | E69: M2 | F69: =ROUND(((2*3.1415*3.5)*3*2)+(((2.53+0.15+2.53+3.3+3.3)+(1.36+1.5+1.36+0.9+3.21+3.3)+(2.63+0.95+0.57+2.35+1.79+1.5+1.79))*3)-((2.6*1.6*2*2)+(1.5*0.6*5)+(0.7*2.1)+(0.8*2.1*3))+((2.23+0.15+2.53+3.3+3.3)*3)-((2.6*1.6*2*2)+(0.8*2.1)+(0.8*2.1*3)+(1.5*0.6*3)),2) -> 217.82 | G69: ((2*3,1415*3,5) FÓRMULA CIRCUNFERÊNCIA DO CÍRCULO * 3 M ALTURA X 2 QUIOSQUES) + (((2,53+0,15+2,53++3,30+3,30) RECEPÇÃO + (1,36+1,50+1,36+0,90+3,21+3,30) OFICINA + (2,63+0,95+0,57+2,35+1,79+1,50+1,79) DEPÓSITO) X 3 M ALTURA) - ((2,60*1,60*2*2 LADOS) J02 + (1,50*0,60*5) J01 + (0,7*2,10) P01 + (0,80*2,10*2*2) V01 + (0,8*2,10*3)P02) QUIOSQUE 01 + ((2,23+0,15+2,53+3,30+3,30) RECEPÇÃO X 3 M ALTURA) - ((2,60*1,60*2*2) J02 + (0,8*2,1) V01 + (0,8*2,10*3) P02 + (1,50*0,6*3) J01)
A70: 9.3 | B70: SEINFRA | C70: ED-50491 | D70: PINTURA ESMALTE EM ESQUADRIAS DE FERRO, DUAS (2) DEMÃOS, INCLUSIVE UMA (1) DEMÃO DE FUNDO ANTICORROSIVO | E70: M2 | F70: =ROUND(((0.7*2.1)+(0.8*2.1*4)+(2.6*1.6*4)+(0.8*1.5*4))*2,2) -> 59.26 | G70: ((0,70*2,10*1 UNIDADE) P01 + (0,8*2,10*4 UNIDADES) P02 + (2,60*1,60*4 UNIDADES) J02 PORTA DE ENROLAR + (0,8*1,5) PORTAS BANHEIROS) X 2 LADOS
A72: 10.0 | D72: PEÇAS E ACESSÓRIOS SANITÁRIOS
A73: 10.1 | B73: SEINFRA | C73: ED-50296 | D73: BACIA SANITÁRIA (VASO) DE LOUÇA CONVENCIONAL, COR BRANCA, INCLUSIVE ACESSÓRIOS DE FIXAÇÃO/VEDAÇÃO, FORNECIMENTO, INSTALAÇÃO E REJUNTAMENTO, EXCLUSIVE VÁLVULA DE DESCARGA E TUBO DE LIGAÇÃO | E73: UNID | F73: 3 | G73: 1 WC + 1 BANHO MASC. + 1 BANHO FEM.
A74: 10.2 | B74: SEINFRA | C74: ED-50337 | D74: VÁLVULA DE DESCARGA COM REGISTRO INTERNO, ACIONAMENTO SIMPLES, DN 1.1/2" (50MM), INCLUSIVE ACABAMENTO DA VÁLVULA | E74: UNID | F74: 3 | G74: 1 WC + 1 BANHO MASC. + 1 BANHO FEM.
A75: 10.3 | B75: SEINFRA | C75: ED-50283 | D75: LAVATÓRIO DE LOUÇA BRANCA SEM COLUNA, TAMANHO MÉDIO, INCLUSIVE ACESSÓRIOS DE FIXAÇÃO, VÁLVULA DE ESCOAMENTO DE METAL COM ACABAMENTO CROMADO, SIFÃO DE METAL TIPO COPO COM ACABAMENTO CROMADO, FORNECIMENTO, INSTALAÇÃO E REJUNTAMENTO, EXCLUSIVE TORNEIRA E ENGATE FLEXÍVEL | E75: UNID | F75: 3 | G75: 1 DEPÓSITO + 1 BANHO MASC. + 1 BANHO FEM.
A76: 10.4 | B76: SEINFRA | C76: ED-50277 | D76: CUBA EM AÇO INOXIDÁVEL DE EMBUTIR, AISI 304, APLICAÇÃO PARA PIA (465X330X115MM), NÚMERO 1, ASSENTAMENTO EM BANCADA, INCLUSIVE VÁLVULA DE ESCOAMENTO DE METAL COM ACABAMENTO CROMADO, SIFÃO DE METAL TIPO COPO COM ACABAMENTO CROMADO, FORNECIMENTO E INSTALAÇÃO | E76: UNID | F76: 2 | G76: COPA DE CADA QUIOSQUE
A77: 10.5 | B77: SEINFRA | C77: ED-50330 | D77: TORNEIRA METÁLICA PARA LAVATÓRIO, ABERTURA 1/4 DE VOLTA, ACABAMENTO CROMADO, COM AREJADOR, APLICAÇÃO DE MESA , INCLUSIVE ENGATE FLEXÍVEL METÁLICO, FORNECIMENTO E INSTALAÇÃO | E77: UNID | F77: 3 | G77: 1 DEPÓSITO + 1 BANHO MASC. + 1 BANHO FEM.
A78: 10.6 | B78: SEINFRA | C78: ED-50326 | D78: TORNEIRA METÁLICA PARA PIA, ABERTURA 1/4 DE VOLTA, ACABAMENTO CROMADO, COM AREJADOR, APLICAÇÃO DE PAREDE, INCLUSIVE FORNECIMENTO E INSTALAÇÃO | E78: UNID | F78: 2 | G78: COPA DE CADA QUIOSQUE
A79: 10.7 | B79: SEINFRA | C79: ED-50310 | D79: BRAÇO PARA CHUVEIRO, COMPRIMENTO 40 CM, DIÂMETRO NOMINAL DE 1/2" (20MM), INCLUSIVE ACABAMENTO | E79: UNID | F79: 2 | G79: 1 BANHO MASC. + 1 BANHO FEM.
A80: 10.8 | B80: SEINFRA | C80: ED-16344 | D80: CHUVEIRO ELÉTRICO BRANCO, TENSÃO 127V/220V, POTÊNCIA 4600W/5500W, INCLUSIVE BRAÇO, FORNECIMENTO E INSTALAÇÃO | E80: UNID | F80: 2 | G80: 1 BANHO MASC. + 1 BANHO FEM.
A81: 10.9 | B81: SEINFRA | C81: ED-50334 | D81: TUBO PARA VÁLVULA DE DESCARGA Nº. 18 COM ADAPTADOR D = 1 1/2" | E81: UNID | F81: 3 | G81: 1 WC + 1 BANHO MASC. + 1 BANHO FEM.
A82: 10.10 | B82: SEINFRA | C82: ED-49964 | D82: REGISTRO DE PRESSÃO, TIPO BASE, ROSCÁVEL 1/2" (PARA TUBO SOLDÁVEL OU PPR DN 20MM/CPVC DN 15MM), INCLUSIVE ACABAMENTO (PADRÃO POPULAR) E CANOPLA CROMADOS | E82: UNID | F82: 2 | G82: 1 BANHO MASC. + 1 BANHO FEM.
A83: 10.11 | B83: SEINFRA | C83: ED-50003 | D83: REGISTRO DE ESFERA, TIPO PVC SOLDÁVEL DN 50MM (1.1/2"), INCLUSIVE VOLANTE PARA ACIONAMENTO | E83: UNID | F83: 2 | G83: 1 BANHO MASC. + 1 BANHO FEM.
A84: 10.12 | B84: SEINFRA | C84: ED-49999 | D84: REGISTRO DE ESFERA, TIPO PVC SOLDÁVEL DN 20MM (1/2"), INCLUSIVE VOLANTE PARA ACIONAMENTO | E84: UNID | F84: 5 | G84: 2 COPAS + 1 BANHO MASC. + 1 BANHO FEM. + 1 DEPÓSITO
A86: 11.0 | D86: SERVIÇOS FINAIS
A87: 11.1 | B87: SEINFRA | C87: ED-48343 | D87: BANCADA EM GRANITO CINZA ANDORINHA E = 3 CM, APOIADA EM CONSOLE DE METALON 20 X 30 MM | E87: M2 | F87: =ROUND((2.3*0.5)+(2.25*0.5)+((1.4+1.25)*2),2) -> 7.58 | G87: (2,30 M X 0,50 M) BANCADA COPA QUIOSQUE 01 + (2,25 M X 0,50 M) BANCADA COPA QUIOSQUE 02 + (1,40 + 1,25) M2 X 2 RECEPÇÃO QUIOSQUE 01 E 02
A88: 11.2 | B88: SEINFRA | C88: ED-48342 | D88: FURO DE BOJO EM BANCADA DE GRANITO/MÁRMORE, INCLUSIVE COLAGEM COM MASSA PLÁSTICA | E88: UNID | F88: 2 | G88: COPA DE CADA QUIOSQUE
A89: 11.3 | B89: SEINFRA | C89: ED-48347 | D89: RODABANCA/FRONTÃO PARA BANCADA EM GRANITO, COR CINZA ANDORINHA, ESP. 2CM, ALTURA DE 7CM, INCLUSIVE REJUNTAMENTO EM MASSA PLÁSTICA NA COR DA PEDRA | E89: M | F89: =ROUND((2.3+0.5+0.5)+(2.25+0.5)+((2.53+2.53+0.6+0.6)*2),2) -> 18.57 | G89: (2,30 M + 0,50 M + 0,50 M) BANCADA COPA QUIOSQUE 01 + (2,25 M + 0,50 M) BANCADA COPA QUIOSQUE 012 + ((2,53+2,53+0,60+0,60) M BANCADAS RECEPÇÃO X 2 QUIOSQUES)
A90: 11.4 | B90: SEINFRA | C90: ED-48351 | D90: TESTEIRA EM GRANITO CINZA ANDORINHA | E90: M | F90: =ROUND(2.3+2.21+0.5+((2.02+2.13)*2),2) -> 13.31 | G90: (2,30 M) BANCADA COPA QUIOSQUE 01 + (2,21 M + 0,50 M) BANCADA COPA QUIOSQUE 012 + ((2,02+2,13) M BANCADAS RECEPÇÃO X 2 QUIOSQUES)
A91: 11.5 | B91: SEINFRA | C91: ED-50266 | D91: LIMPEZA FINAL PARA ENTREGA DA OBRA | E91: M2 | F91: =ROUND(3.1415*7^2/4*2,2) -> 76.97 | G91: 3,1415 pi * 7^2 / 4 FÓRMULA DA ÁREA DO CÍRCULO X 2 QUIOSQUES
A93: PEDRA AZUL, 07 DEABRIL DE 2024
C98: ___________________________________________________ | E98: ___________________________________________________
C99: KÊNIO ÁVILA FERNANDES | E99: MÁRCIO FERREIRA SOUTO
C100: ENGENHEIRO CIVIL RESPONSÁVEL | E100: PREFEITO MUNICIPAL DE PEDRA AZUL-MG

Sheet PLANILHA ORÇAMENTÁRIA
A3: PLANILHA ORÇAMENTÁRIA
A5: ='MEMÓRIA DE CÁLCULO'!A5:F5 -> OBRA: REFORMA DE QUIOSQUES | G5: DATA : ABRI/2024
A6: ='MEMÓRIA DE CÁLCULO'!A6:D6 -> LOCAL: PRAÇA JOAQUIM TEIXEIRA, CENTRO, PEDRA AZUL – MG. | E6: FORMA DE EXECUÇÃO: | I6: ISS 5%
A7: ='MEMÓRIA DE CÁLCULO'!A7 -> REGIÃO/MÊS DE REFERÊNCIA: SEINFRA/REGIÃO JEQUITINHONHA JAN/2024 COM DESONERAÇÃO / SINAPI 02/2024 DESONERADO / CAERN 11/2023 / IOPES 12/2023 DESONERADO | E7: ( ) | F7: DIRETA
A8: PRAZO DE EXECUÇÃO: 03 MESES | E8: ( X ) | F8: INDIRETA | G8: BDI = | H8: =BDI!D22 -> 0.28601159
A9: ITEM | B9: FONTE | C9: CÓDIGO | D9: DESCRIÇÃO | E9: UND. | F9: QUANT. | G9: UNITÁRIO S/ BDI | H9: UNITÁRIO C/ BDI | I9: TOTAL
A11: 1.0 | D11: SERVIÇOS PRELIMINARES | I11: =SUM(I12:I21) -> 12882.6
A12: 1.1 | B12: SEINFRA | C12: ED-28427 | D12: FORNECIMENTO E COLOCAÇÃO DE PLACA DE OBRA EM CHAPA GALVANIZADA #26, ESP. 0,45MM, DIMENSÃO (3X1,5)M, PLOTADA COM ADESIVO VINÍLICO, AFIXADA COM REBITES 4,8X40MM, EM ESTRUTURA METÁLICA DE METALON 20X20MM, ESP. 1,25MM, INCLUSIVE SUPORTE EM EUCALIPTO AUTOCLAVADO PINTADO COM TINTA PVA DUAS (2) DEMÃOS | E12: UNID | F12: 1 | G12: 1359.14 | H12: =ROUND(G12*(1+$H$8),2) -> 1747.87 | I12: =ROUND(H12*F12,2) -> 1747.87
A13: 1.2 | B13: SEINFRA | C13: ED-48467 | D13: REMOÇÃO DE LOUÇAS (LAVATÓRIO, BANHEIRA, PIA, VASO SANITÁRIO, TANQUE), COM REAPROVEITAMENTO, INCLUSIVE AFASTAMENTO E EMPILHAMENTO, EXCLUSIVE TRANSPORTE E RETIRADA DO MATERIAL REMOVIDO NÃO REAPROVEITÁVEL | E13: UNID | F13: 3 | G13: 38.25 | H13: =ROUND(G13*(1+$H$8),2) -> 49.19 | I13: =ROUND(H13*F13,2) -> 147.57
A14: 1.3 | B14: SEINFRA | C14: ED-48436 | D14: DEMOLIÇÃO MANUAL DE ALVENARIA DE TIJOLO CERÂMICO MACIÇO, INCLUSIVE AFASTAMENTO E EMPILHAMENTO, EXCLUSIVE TRANSPORTE E RETIRADA DO MATERIAL DEMOLIDO | E14: M3 | F14: 1.16 | G14: 137.05 | H14: =ROUND(G14*(1+$H$8),2) -> 176.25 | I14: =ROUND(H14*F14,2) -> 204.45
A15: 1.4 | B15: SEINFRA | C15: ED-48501 | D15: DEMOLIÇÃO MANUAL DE REBOCO OU EMBOÇO, COM ESPESSURA DE ATÉ 55MM, INCLUSIVE AFASTAMENTO E EMPILHAMENTO, EXCLUSIVE TRANSPORTE E RETIRADA DO MATERIAL DEMOLIDO | E15: M2 | F15: 403.61 | G15: 8.89 | H15: =ROUND(G15*(1+$H$8),2) -> 11.43 | I15: =ROUND(H15*F15,2) -> 4613.26
A16: 1.5 | B16: SEINFRA | C16: ED-48479 | D16: DEMOLIÇÃO MANUAL DE PISO CIMENTADO OU CONTRAPISO DE ARGAMASSA, COM ESPESSURA MÁXIMA DE 10CM, INCLUSIVE AFASTAMENTO E EMPILHAMENTO, EXCLUSIVE TRANSPORTE E RETIRADA DO MATERIAL DEMOLIDO | E16: M2 | F16: 76.97 | G16: 15.87 | H16: =ROUND(G16*(1+$H$8),2) -> 20.41 | I16: =ROUND(H16*F16,2) -> 1570.96
A17: 1.6 | B17: SEINFRA | C17: ED-48514 | D17: REMOÇÃO MANUAL DE TELHA CERÂMICA, COM REAPROVEITAMENTO, INCLUSIVE AFASTAMENTO E EMPILHAMENTO, EXCLUSIVE TRANSPORTE E RETIRADA DO MATERIAL REMOVIDO NÃO REAPROVEITÁVEL | E17: M2 | F17: 76.97 | G17: 21.75 | H17: =ROUND(G17*(1+$H$8),2) -> 27.97 | I17: =ROUND(H17*F17,2) -> 2152.85
A18: 1.7 | B18: SEINFRA | C18: ED-48457 | D18: REMOÇÃO MANUAL DE ENGRADAMENTO PARA TELHA TIPO CERÂMICA OU CONCRETO, INCLUSIVE AFASTAMENTO E EMPILHAMENTO, EXCLUSIVE TRANSPORTE E RETIRADA DO MATERIAL REMOVIDO NÃO REAPROVEITÁVEL | E18: M2 | F18: 76.97 | G18: 20.02 | H18: =ROUND(G18*(1+$H$8),2) -> 25.75 | I18: =ROUND(H18*F18,2) -> 1981.98
A19: 1.8 | B19: SEINFRA | C19: ED-48500 | D19: DEMOLIÇÃO MANUAL DE TUBULAÇÕES EMBUTIDAS DE REDE (ÁGUA, ELÉTRICA, GASES, ETC.), INCLUSIVE RASGO EM ALVENARIA, REMOÇÃO DE ACESSÓRIOS DE FIXAÇÃO, AFASTAMENTO E EMPILHAMENTO, EXCLUSIVE TRANSPORTE E RETIRADA DO MATERIAL DEMOLIDO | E19: M | F19: 20 | G19: 7.54 | H19: =ROUND(G19*(1+$H$8),2) -> 9.7 | I19: =ROUND(H19*F19,2) -> 194
A20: 1.9 | B20: SEINFRA | C20: ED-48493 | D20: REMOÇÃO MANUAL DE ESQUADRIA EM MADEIRA, COM REAPROVEITAMENTO, INCLUSIVE REMOÇÃO DE MARCO/ALIZAR/GUARNIÇÕES, AFASTAMENTO E EMPILHAMENTO, EXCLUSIVE TRANSPORTE E RETIRADA DO MATERIAL REMOVIDO NÃO REAPROVEITÁVEL | E20: M2 | F20: 3.36 | G20: 12.06 | H20: =ROUND(G20*(1+$H$8),2) -> 15.51 | I20: =ROUND(H20*F20,2) -> 52.11
A21: 1.10 | B21: SEINFRA | C21: ED-48497 | D21: REMOÇÃO MANUAL DE ESQUADRIA METÁLICA, COM REAPROVEITAMENTO, INCLUSIVE MARCO/ALIZAR/GUARNIÇÕES, AFASTAMENTO E EMPILHAMENTO, EXCLUSIVE TRANSPORTE E RETIRADA DO MATERIAL REMOVIDO NÃO REAPROVEITÁVEL | E21: M2 | F21: 10.1 | G21: 16.75 | H21: =ROUND(G21*(1+$H$8),2) -> 21.54 | I21: =ROUND(H21*F21,2) -> 217.55
A23: 2.0 | D23: ALVENARIA | I23: =SUM(I24:I24) -> 1187.07
A24: 2.1 | B24: SEINFRA | C24: ED-48232 | D24: ALVENARIA DE VEDAÇÃO COM TIJOLO CERÂMICO FURADO, ESP. 14CM, PARA REVESTIMENTO, INCLUSIVE ARGAMASSA PARA ASSENTAMENTO | E24: M2 | F24: 14.45 | G24: 63.88 | H24: =ROUND(G24*(1+$H$8),2) -> 82.15 | I24: =ROUND(H24*F24,2) -> 1187.07
A26: 3.0 | D26: INSTALAÇÕES HIDROSSANITÁRIAS | I26: =SUM(I27:I32) -> 8883.46
A27: 3.1 | B27: SEINFRA | C27: ED-50221 | D27: PONTO DE EMBUTIR PARA ÁGUA FRIA EM TUBO DE PVC RÍGIDO SOLDÁVEL, DN 20MM (1/2"), EMBUTIDO NA ALVENARIA COM DISTÂNCIA DE ATÉ CINCO (5) METROS DA TOMADA DE ÁGUA, INCLUSIVE CONEXÕES E FIXAÇÃO DO TUBO COM ENCHIMENTO DO RASGO NA ALVENARIA/CONCRETO COM ARGAMASSA | E27: UNID | F27: 10 | G27: 125.35 | H27: =ROUND(G27*(1+$H$8),2) -> 161.2 | I27: =ROUND(H27*F27,2) -> 1612
A28: 3.2 | B28: CAERN | C28: 1070073 | D28: PONTO DE ÁGUA FRIA COM TUBULAÇÃO DE PVC, DN 50 MM, INCLUSOSRASGO E CHUMBAMENTO EM ALVENARIA. R_05/2019 | E28: UNID | F28: 3 | G28: 149.27 | H28: =ROUND(G28*(1+$H$8),2) -> 191.96 | I28: =ROUND(H28*F28,2) -> 575.88
A29: 3.3 | B29: SEINFRA | C29: ED-49934 | D29: CAIXA D´ÁGUA DE POLIETILENO, CAPACIDADE DE 250L, INCLUSIVE TAMPA, TORNEIRA DE BOIA, EXTRAVASOR, TUBO DE LIMPEZA E ACESSÓRIOS, EXCLUSIVE TUBULAÇÃO DE ENTRADA/ SAÍDA DE ÁGUA | E29: UNID | F29: 2 | G29: 605.66 | H29: =ROUND(G29*(1+$H$8),2) -> 778.89 | I29: =ROUND(H29*F29,2) -> 1557.78
A30: 3.4 | B30: SEINFRA | C30: ED-50224 | D30: PONTO DE EMBUTIR PARA ESGOTO EM TUBO PVC RÍGIDO, PBV -SÉRIE NORMAL, DN 50MM (2"), EMBUTIDO EM PISO COM DISTÂNCIA DE ATÉ CINCO (5) METROS DO RAMAL DE ESGOTO, EXCLUSIVE ESCAVAÇÃO, INCLUSIVE CONEXÕES E FIXAÇÃO DO TUBO COM ENCHIMENTO DO RASGO NO CONCRETO COM ARGAMASSA | E30: UNID | F30: 14 | G30: 202.35 | H30: =ROUND(G30*(1+$H$8),2) -> 260.22 | I30: =ROUND(H30*F30,2) -> 3643.08
A31: 3.5 | B31: SEINFRA | C31: ED-50011 | D31: CAIXA SIFONADA EM PVC COM GRELHA REDONDA 100 X 100 X 50 MM | E31: UNID | F31: 8 | G31: 60.08 | H31: =ROUND(G31*(1+$H$8),2) -> 77.26 | I31: =ROUND(H31*F31,2) -> 618.08
A32: 3.6 | B32: SINAPI | C32: 98110 | D32: CAIXA DE GORDURA PEQUENA (CAPACIDADE: 19 L), CIRCULAR, EM PVC, DIÂMETRO INTERNO= 0,3 M. AF_12/2020 | E32: UNID | F32: 2 | G32: 340.84 | H32: =ROUND(G32*(1+$H$8),2) -> 438.32 | I32: =ROUND(H32*F32,2) -> 876.64
A34: 4.0 | D34: INSTALAÇÕES ELÉTRICAS | I34: =SUM(I35:I41) -> 9624.15
A35: 4.1 | B35: SEINFRA | C35: ED-50227 | D35: PONTO DE EMBUTIR PARA UM (1) INTERRUPTOR SIMPLES (10A-250V), COM PLACA 4"X2" DE UM (1) POSTO, COM ELETRODUTO FLEXÍVEL CORRUGADO, ANTI-CHAMA, DN 25MM (3/4"), EMBUTIDO NA ALVENARIA E CABO DE COBRE FLEXÍVEL, CLASSE 5, ISOLAMENTO TIPO LSHF/ATOX, NÃO HALOGENADO, SEÇÃO 1,5MM2 (70°C-450/750V), COM DISTÂNCIA DE ATÉ DEZ (10) METROS DO PONTO DE DERIVAÇÃO, INCLUSIVE CAIXA DE LIGAÇÃO, SUPORTE E FIXAÇÃO DO ELETRODUTO COM ENCHIMENTO DO RASGO NA ALVENARIA/CONCRETO COM ARGAMASSA | E35: UNID | F35: 9 | G35: 227.37 | H35: =ROUND(G35*(1+$H$8),2) -> 292.4 | I35: =ROUND(H35*F35,2) -> 2631.6
A36: 4.2 | B36: SEINFRA | C36: ED-50228 | D36: PONTO DE EMBUTIR PARA UMA (1) LUMINÁRIA,COM ELETRODUTO DE PVC RÍGIDO ROSCÁVEL, DN 20MM (3/4"), EMBUTIDO NA LAJE E CABO DE COBRE FLEXÍVEL, CLASSE 5, ISOLAMENTO TIPO LSHF/ ATOX, NÃO HALOGENADO, SEÇÃO 1,5MM2 (70°C-450/750V), COM DISTÂNCIA DE ATÉ CINCO (5) METROS DO PONTO DE DERIVAÇÃO, EXCLUSIVE LUMINÁRIA, INCLUSIVE CAIXA DE LIGAÇÃO OCTOGONAL, SUPORTE E FIXAÇÃO DO ELETRODUTO | E36: UNID | F36: 11 | G36: 141.87 | H36: =ROUND(G36*(1+$H$8),2) -> 182.45 | I36: =ROUND(H36*F36,2) -> 2006.95
A37: 4.3 | B37: SEINFRA | C37: ED-50232 | D37: PONTO DE EMBUTIR PARA UMA (1) TOMADA PADRÃO, TRÊS (3) POLOS (2P+T/10A-250V), COM PLACA 4"X2" DE UM (1) POSTO, COM ELETRODUTO FLEXÍVEL CORRUGADO, ANTI-CHAMA, DN 25MM (3/4"), EMBUTIDO NA ALVENARIA E CABO DE COBRE FLEXÍVEL, CLASSE 5, ISOLAMENTO TIPO LSHF/ATOX, NÃO HALOGENADO, SEÇÃO 2,5MM2 (70°C-450/750V), COM DISTÂNCIA DE ATÉ DEZ (10) METROS DO PONTO DE DERIVAÇÃO, INCLUSIVE CAIXA DE LIGAÇÃO, SUPORTE E FIXAÇÃO DO ELETRODUTO COM ENCHIMENTO DO RASGO NA ALVENARIA/CONCRETO COM ARGAMASSA | E37: UNID | F37: 7 | G37: 260.11 | H37: =ROUND(G37*(1+$H$8),2) -> 334.5 | I37: =ROUND(H37*F37,2) -> 2341.5
A38: 4.4 | B38: IOPES | C38: 151805 | D38: Ponto padrão de tomada para chuveiro elétrico - considerando eletroduto PVC rígido de 3/4" inclusive conexões (9.0m), fio isolado PVC de 6.0mm2 (32.5m) e caixa PVC 4x2" (1 und) | E38: UNID | F38: 2 | G38: 523.08 | H38: =ROUND(G38*(1+$H$8),2) -> 672.69 | I38: =ROUND(H38*F38,2) -> 1345.38
A39: 4.5 | B39: SEINFRA | C39: ED-49498 | D39: QUADRO DE DISTRIBUIÇÃO PARA 8 MÓDULOS COM BARRAMENTO E CHAVE | E39: UNID | F39: 2 | G39: 151.24 | H39: =ROUND(G39*(1+$H$8),2) -> 194.5 | I39: =ROUND(H39*F39,2) -> 389
A40: 4.6 | B40: SEINFRA | C40: ED-34464 | D40: DISJUNTOR MONOPOLAR TIPO DIN, CORRENTE NOMINAL DE 32A, FORNECIMENTO E INSTALAÇÃO, INCLUSIVE TERMINAL ILHÓS | E40: UNID | F40: 8 | G40: 13.37 | H40: =ROUND(G40*(1+$H$8),2) -> 17.19 | I40: =ROUND(H40*F40,2) -> 137.52
A41: 4.7 | B41: SEINFRA | C41: ED-13356 | D41: LUMINÁRIA PLAFON REDONDO DE VIDRO JATEADO REDONDO COMPLETA, DIÂMETRO 25 CM, PARA UMA (1) LÂMPADA LED, POTÊNCIA 9W, BULBO A60, FORNECIMENTO E INSTALAÇÃO, INCLUSIVE BASE E LÂMPADA | E41: UNID | F41: 11 | G41: 54.59 | H41: =ROUND(G41*(1+$H$8),2) -> 70.2 | I41: =ROUND(H41*F41,2) -> 772.2
A43: 5.0 | D43: ESQUADRIAS | I43: =SUM(I44:I48) -> 24254.3
A44: 5.1 | B44: SEINFRA | C44: ED-23034 | D44: PORTA METÁLICA, TIPO DE ABRIR, COM UMA (1) FOLHA, EM CHAPA GALVANIZADA LAMBRIL, MODELO QUADRADO, INCLUSIVE PINTURA ANTICORROSIVA A BASE DE ÓXIDO DE FERRO (ZARCÃO), UMA (1) DEMÃO, FORNECIMENTO E ASSENTAMENTO, EXCLUSIVE FECHADURA E DOBRADIÇA | E44: M2 | F44: 8.19 | G44: 358.04 | H44: =ROUND(G44*(1+$H$8),2) -> 460.44 | I44: =ROUND(H44*F44,2) -> 3771
A45: 5.2 | B45: SEINFRA | C45: ED-50977 | D45: PORTA METÁLICA PARA SANITÁRIO EM CHAPA GALVANIZADA, ESP. 1,25MM (GSG-18), DIMENSÃO (80X150)CM, TIPO DE ABRIR, UMA (1) FOLHA, INCLUSIVE BATENTE, ESTRUTURA EM METALON ( 20X30)MM, DOBRADIÇA E TRANQUETA, EXCLUSIVE PINTURA | E45: UNID | F45: 4 | G45: 423.53 | H45: =ROUND(G45*(1+$H$8),2) -> 544.66 | I45: =ROUND(H45*F45,2) -> 2178.64
A46: 5.3 | B46: SEINFRA | C46: ED-50970 | D46: PORTA AÇO DE ENROLAR, TIPO LÂMINA RAIADA, COM ABERTURA MANUAL, COMPLETA, INCLUSIVE FORNECIMENTO, EIXO, MOLA, SOLEIRA, ETIQUETA, CAVALETE, GUIAS, FITAS E FECHADURAS LATERAIS | E46: M2 | F46: 16.64 | G46: 470.78 | H46: =ROUND(G46*(1+$H$8),2) -> 605.43 | I46: =ROUND(H46*F46,2) -> 10074.36
A47: 5.4 | B47: SEINFRA | C47: ED-32032 | D47: JANELA VENEZIANA FIXA (JV), CONFORME CADERNO DE PROJETO PADRÃO PENITENCIÁRIA-MG (DETALHE EQ18), INCLUSIVE FORNECIMENTO, INSTALAÇÃO E PINTURA ESMALTE SINTÉTICO, DUAS (2) DEMÃOS COM UMA (1) DEMÃO DE FUNDO ANTICORROSIVO | E47: M2 | F47: 5.4 | G47: 1041.78 | H47: =ROUND(G47*(1+$H$8),2) -> 1339.74 | I47: =ROUND(H47*F47,2) -> 7234.6
A48: 5.5 | B48: SEINFRA | C48: ED-23033 | D48: FERRAGENS PARA PORTA METÁLICA, DE ABRIR, COM UMA (1) FOLHAS, INCLUSIVE FECHADURA TIPO EXTERNA COM GRAU DE SEGURANÇA MÉDIO, ACABAMENTO EM ESPELHO CROMADO COM MAÇANETA MODELO ALAVANCA EM ZAMAC E DOBRADIÇA DE FERRO, MEDIDAS (3"X2.1/2"), TIPO PINO SOLTO COM BOLA, ACABAMENTO CROMADO, FORNECIMENTO, ACESSÓRIOS E INSTALAÇÃO, EXCLUSIVE PORTA METÁLICA | E48: UNID | F48: 5 | G48: 154.85 | H48: =ROUND(G48*(1+$H$8),2) -> 199.14 | I48: =ROUND(H48*F48,2) -> 995.7
A50: 6.0 | D50: REVESTIMENTOS | I50: =SUM(I51:I54) -> 31759.15
A51: 6.1 | B51: SEINFRA | C51: ED-50727 | D51: CHAPISCO COM ARGAMASSA, TRAÇO 1:3 (CIMENTO E AREIA), ESP . 5MM, APLICADO EM ALVENARIA/ESTRUTURA DE CONCRETO COM COLHER, INCLUSIVE ARGAMASSA COM PREPARO MECANIZADO | E51: M2 | F51: 372.34 | G51: 8.54 | H51: =ROUND(G51*(1+$H$8),2) -> 10.98 | I51: =ROUND(H51*F51,2) -> 4088.29
A52: 6.2 | B52: ORSE | C52: ED-50732 | D52: EMBOÇO COM ARGAMASSA, TRAÇO 1:6 (CIMENTO E AREIA), ESP.20MM, APLICAÇÃO MANUAL, INCLUSIVE ARGAMASSA COM PREPARO MECANIZADO, EXCLUSIVE CHAPISCO | E52: M2 | F52: 150.1 | G52: 30.38 | H52: =ROUND(G52*(1+$H$8),2) -> 39.07 | I52: =ROUND(H52*F52,2) -> 5864.41
A53: 6.3 | B53: SEINFRA | C53: ED-50762 | D53: REVESTIMENTO COM ARGAMASSA EM CAMADA ÚNICA, APLICADO EM PAREDE, TRAÇO 1:3 (CIMENTO E AREIA), ESP. 20MM, APLICAÇÃO MANUAL, INCLUSIVE ARGAMASSA COM PREPARO MECANIZADO, EXCLUSIVE CHAPISCO | E53: M2 | F53: 217.82 | G53: 28.99 | H53: =ROUND(G53*(1+$H$8),2) -> 37.28 | I53: =ROUND(H53*F53,2) -> 8120.33
A54: 6.4 | B54: SEINFRA | C54: ED-9081 | D54: REVESTIMENTO COM CERÂMICA APLICADO EM PAREDE, ACABAMENTO ESMALTADO, AMBIENTE INTERNO/EXTERNO, PADRÃO EXTRA, DIMENSÃO DA PEÇA ATÉ 2025 CM2, PEI III, ASSENTAMENTO COM ARGAMASSA INDUSTRIALIZADA, INCLUSIVE REJUNTAMENTO | E54: M2 | F54: 150.1 | G54: 70.9 | H54: =ROUND(G54*(1+$H$8),2) -> 91.18 | I54: =ROUND(H54*F54,2) -> 13686.12
A56: 7.0 | D56: COBERTURA E FORROS | I56: =SUM(I57:I60) -> 44932.4
A57: 7.1 | B57: SEINFRA | C57: ED-48407 | D57: ENGRADAMENTO EM MADEIRA PARAJU OU EQUIVALENTE, PARA TELHAS CERÂMICAS OU DE CONCRETO, EXCLUSIVE TELHAS | E57: M2 | F57: 116.17 | G57: 123.85 | H57: =ROUND(G57*(1+$H$8),2) -> 159.27 | I57: =ROUND(H57*F57,2) -> 18502.4
A58: 7.2 | B58: SEINFRA | C58: ED-48421 | D58: COBERTURA EM TELHA CERÂMICA, TIPO COLONIAL, INCLUSIVE FIXAÇÃO, EXCLUSIVE ENGRADAMENTO E MANTA ISOLANTE/TÉRMICA | E58: M2 | F58: 116.17 | G58: 126.7 | H58: =ROUND(G58*(1+$H$8),2) -> 162.94 | I58: =ROUND(H58*F58,2) -> 18928.74
A59: 7.3 | B59: SEINFRA | C59: ED-28728 | D59: FORRO EM RÉGUA DE PVC, LARGURA 20CM, NA COR BRANCA, INCLUSIVE ESTRUTURA DE FIXAÇÃO E PENDURAIS METÁLICOS E ACESSÓRIOS DE FIXAÇÃO, EXCLUSIVE RODAFORRO OU MOLDURA | E59: M2 | F59: 66.54 | G59: 64.26 | H59: =ROUND(G59*(1+$H$8),2) -> 82.64 | I59: =ROUND(H59*F59,2) -> 5498.87
A60: 7.4 | B60: SEINFRA | C60: ED-28751 | D60: RODAFORRO EM PVC, TIPO "U", NA COR BRANCA, PARA FORRO EM RÉGUA DE PVC, INCLUSIVE ACESSÓRIOS DE FIXAÇÃO | E60: M | F60: 97.44 | G60: 15.98 | H60: =ROUND(G60*(1+$H$8),2) -> 20.55 | I60: =ROUND(H60*F60,2) -> 2002.39
A62: 8.0 | D62: PISO | I62: =SUM(I63:I65) -> 11551.77
A63: 8.1 | B63: SEINFRA | C63: ED-50566 | D63: CONTRAPISO DESEMPENADO COM ARGAMASSA, TRAÇO 1:3 ( CIMENTO E AREIA), ESP. 20MM | E63: M2 | F63: 66.54 | G63: 33.21 | H63: =ROUND(G63*(1+$H$8),2) -> 42.71 | I63: =ROUND(H63*F63,2) -> 2841.92
A64: 8.2 | B64: SEINFRA | C64: ED-50724 | D64: REVESTIMENTO COM CERÂMICA APLICADO EM PISO, ACABAMENTO ESMALTADO, AMBIENTE INTERNO, PADRÃO EXTRA, DIMENSÃO DA PEÇA ATÉ 2025 CM2, PEI IV, ASSENTAMENTO COM ARGAMASSA INDUSTRIALIZADA, INCLUSIVE REJUNTAMENTO | E64: M2 | F64: 66.54 | G64: 84.41 | H64: =ROUND(G64*(1+$H$8),2) -> 108.55 | I64: =ROUND(H64*F64,2) -> 7222.92
A65: 8.3 | B65: SEINFRA | C65: ED-50771 | D65: RODAPÉ COM REVESTIMENTO EM CERÂMICA ESMALTADA COMERCIAL, ALTURA 10CM, PEI IV, ASSENTAMENTO COM ARGAMASSA INDUSTRIALIZADA, INCLUSIVE REJUNTAMENTO | E65: M | F65: 97.44 | G65: 11.87 | H65: =ROUND(G65*(1+$H$8),2) -> 15.26 | I65: =ROUND(H65*F65,2) -> 1486.93
A67: 9.0 | D67: PINTURA | I67: =SUM(I68:I70) -> 8824.21
A68: 9.1 | B68: SEINFRA | C68: ED-50514 | D68: PREPARAÇÃO PARA EMASSAMENTO OU PINTURA (LÁTEX/ ACRÍLICA) EM PAREDE, INCLUSIVE UMA (1) DEMÃO DE SELADOR ACRÍLICO | E68: M2 | F68: 217.82 | G68: 6.38 | H68: =ROUND(G68*(1+$H$8),2) -> 8.2 | I68: =ROUND(H68*F68,2) -> 1786.12
A69: 9.2 | B69: SEINFRA | C69: ED-50451 | D69: PINTURA ACRÍLICA EM PAREDE, DUAS (2) DEMÃOS, EXCLUSIVE SELADOR ACRÍLICO E MASSA ACRÍLICA/CORRIDA (PVA | E69: M2 | F69: 217.82 | G69: 15.52 | H69: =ROUND(G69*(1+$H$8),2) -> 19.96 | I69: =ROUND(H69*F69,2) -> 4347.69
A70: 9.3 | B70: SEINFRA | C70: ED-50491 | D70: PINTURA ESMALTE EM ESQUADRIAS DE FERRO, DUAS (2) DEMÃOS, INCLUSIVE UMA (1) DEMÃO DE FUNDO ANTICORROSIVO | E70: M2 | F70: 59.26 | G70: 35.3 | H70: =ROUND(G70*(1+$H$8),2) -> 45.4 | I70: =ROUND(H70*F70,2) -> 2690.4
A72: 10.0 | D72: PEÇAS E ACESSÓRIOS SANITÁRIOS | I72: =SUM(I73:I84) -> 6595.18
A73: 10.1 | B73: SEINFRA | C73: ED-50296 | D73: BACIA SANITÁRIA (VASO) DE LOUÇA CONVENCIONAL, COR BRANCA, INCLUSIVE ACESSÓRIOS DE FIXAÇÃO/VEDAÇÃO, FORNECIMENTO, INSTALAÇÃO E REJUNTAMENTO, EXCLUSIVE VÁLVULA DE DESCARGA E TUBO DE LIGAÇÃO | E73: UNID | F73: 3 | G73: 316.94 | H73: =ROUND(G73*(1+$H$8),2) -> 407.59 | I73: =ROUND(H73*F73,2) -> 1222.77
A74: 10.2 | B74: SEINFRA | C74: ED-50337 | D74: VÁLVULA DE DESCARGA COM REGISTRO INTERNO, ACIONAMENTO SIMPLES, DN 1.1/2" (50MM), INCLUSIVE ACABAMENTO DA VÁLVULA | E74: UNID | F74: 3 | G74: 238.62 | H74: =ROUND(G74*(1+$H$8),2) -> 306.87 | I74: =ROUND(H74*F74,2) -> 920.61
A75: 10.3 | B75: SEINFRA | C75: ED-50283 | D75: LAVATÓRIO DE LOUÇA BRANCA SEM COLUNA, TAMANHO MÉDIO, INCLUSIVE ACESSÓRIOS DE FIXAÇÃO, VÁLVULA DE ESCOAMENTO DE METAL COM ACABAMENTO CROMADO, SIFÃO DE METAL TIPO COPO COM ACABAMENTO CROMADO, FORNECIMENTO, INSTALAÇÃO E REJUNTAMENTO, EXCLUSIVE TORNEIRA E ENGATE FLEXÍVEL | E75: UNID | F75: 3 | G75: 380.18 | H75: =ROUND(G75*(1+$H$8),2) -> 488.92 | I75: =ROUND(H75*F75,2) -> 1466.76
A76: 10.4 | B76: SEINFRA | C76: ED-50277 | D76: CUBA EM AÇO INOXIDÁVEL DE EMBUTIR, AISI 304, APLICAÇÃO PARA PIA (465X330X115MM), NÚMERO 1, ASSENTAMENTO EM BANCADA, INCLUSIVE VÁLVULA DE ESCOAMENTO DE METAL COM ACABAMENTO CROMADO, SIFÃO DE METAL TIPO COPO COM ACABAMENTO CROMADO, FORNECIMENTO E INSTALAÇÃO | E76: UNID | F76: 2 | G76: 460.43 | H76: =ROUND(G76*(1+$H$8),2) -> 592.12 | I76: =ROUND(H76*F76,2) -> 1184.24
A77: 10.5 | B77: SEINFRA | C77: ED-50330 | D77: TORNEIRA METÁLICA PARA LAVATÓRIO, ABERTURA 1/4 DE VOLTA, ACABAMENTO CROMADO, COM AREJADOR, APLICAÇÃO DE MESA , INCLUSIVE ENGATE FLEXÍVEL METÁLICO, FORNECIMENTO E INSTALAÇÃO | E77: UNID | F77: 3 | G77: 130.66 | H77: =ROUND(G77*(1+$H$8),2) -> 168.03 | I77: =ROUND(H77*F77,2) -> 504.09
A78: 10.6 | B78: SEINFRA | C78: ED-50326 | D78: TORNEIRA METÁLICA PARA PIA, ABERTURA 1/4 DE VOLTA, ACABAMENTO CROMADO, COM AREJADOR, APLICAÇÃO DE PAREDE, INCLUSIVE FORNECIMENTO E INSTALAÇÃO | E78: UNID | F78: 2 | G78: 83.06 | H78: =ROUND(G78*(1+$H$8),2) -> 106.82 | I78: =ROUND(H78*F78,2) -> 213.64
A79: 10.7 | B79: SEINFRA | C79: ED-50310 | D79: BRAÇO PARA CHUVEIRO, COMPRIMENTO 40 CM, DIÂMETRO NOMINAL DE 1/2" (20MM), INCLUSIVE ACABAMENTO | E79: UNID | F79: 2 | G79: 20.35 | H79: =ROUND(G79*(1+$H$8),2) -> 26.17 | I79: =ROUND(H79*F79,2) -> 52.34
A80: 10.8 | B80: SEINFRA | C80: ED-16344 | D80: CHUVEIRO ELÉTRICO BRANCO, TENSÃO 127V/220V, POTÊNCIA 4600W/5500W, INCLUSIVE BRAÇO, FORNECIMENTO E INSTALAÇÃO | E80: UNID | F80: 2 | G80: 110.17 | H80: =ROUND(G80*(1+$H$8),2) -> 141.68 | I80: =ROUND(H80*F80,2) -> 283.36
A81: 10.9 | B81: SEINFRA | C81: ED-50334 | D81: TUBO PARA VÁLVULA DE DESCARGA Nº. 18 COM ADAPTADOR D = 1 1/2" | E81: UNID | F81: 3 | G81: 49.97 | H81: =ROUND(G81*(1+$H$8),2) -> 64.26 | I81: =ROUND(H81*F81,2) -> 192.78
A82: 10.10 | B82: SEINFRA | C82: ED-49964 | D82: REGISTRO DE PRESSÃO, TIPO BASE, ROSCÁVEL 1/2" (PARA TUBO SOLDÁVEL OU PPR DN 20MM/CPVC DN 15MM), INCLUSIVE ACABAMENTO (PADRÃO POPULAR) E CANOPLA CROMADOS | E82: UNID | F82: 2 | G82: 94.18 | H82: =ROUND(G82*(1+$H$8),2) -> 121.12 | I82: =ROUND(H82*F82,2) -> 242.24
A83: 10.11 | B83: SEINFRA | C83: ED-50003 | D83: REGISTRO DE ESFERA, TIPO PVC SOLDÁVEL DN 50MM (1.1/2"), INCLUSIVE VOLANTE PARA ACIONAMENTO | E83: UNID | F83: 2 | G83: 50.58 | H83: =ROUND(G83*(1+$H$8),2) -> 65.05 | I83: =ROUND(H83*F83,2) -> 130.1
A84: 10.12 | B84: SEINFRA | C84: ED-49999 | D84: REGISTRO DE ESFERA, TIPO PVC SOLDÁVEL DN 20MM (1/2"), INCLUSIVE VOLANTE PARA ACIONAMENTO | E84: UNID | F84: 5 | G84: 28.34 | H84: =ROUND(G84*(1+$H$8),2) -> 36.45 | I84: =ROUND(H84*F84,2) -> 182.25
A86: 11.0 | D86: SERVIÇOS FINAIS | I86: =SUM(I87:I91) -> 5726.12
A87: 11.1 | B87: SEINFRA | C87: ED-48343 | D87: BANCADA EM GRANITO CINZA ANDORINHA E = 3 CM, APOIADA EM CONSOLE DE METALON 20 X 30 MM | E87: M2 | F87: 7.58 | G87: 368.62 | H87: =ROUND(G87*(1+$H$8),2) -> 474.05 | I87: =ROUND(H87*F87,2) -> 3593.3
A88: 11.2 | B88: SEINFRA | C88: ED-48342 | D88: FURO DE BOJO EM BANCADA DE GRANITO/MÁRMORE, INCLUSIVE COLAGEM COM MASSA PLÁSTICA | E88: UNID | F88: 2 | G88: 104.98 | H88: =ROUND(G88*(1+$H$8),2) -> 135.01 | I88: =ROUND(H88*F88,2) -> 270.02
A89: 11.3 | B89: SEINFRA | C89: ED-48347 | D89: RODABANCA/FRONTÃO PARA BANCADA EM GRANITO, COR CINZA ANDORINHA, ESP. 2CM, ALTURA DE 7CM, INCLUSIVE REJUNTAMENTO EM MASSA PLÁSTICA NA COR DA PEDRA | E89: M | F89: 18.57 | G89: 40.37 | H89: =ROUND(G89*(1+$H$8),2) -> 51.92 | I89: =ROUND(H89*F89,2) -> 964.15
A90: 11.4 | B90: SEINFRA | C90: ED-48351 | D90: TESTEIRA EM GRANITO CINZA ANDORINHA | E90: M | F90: 13.31 | G90: 13.29 | H90: =ROUND(G90*(1+$H$8),2) -> 17.09 | I90: =ROUND(H90*F90,2) -> 227.47
A91: 11.5 | B91: SEINFRA | C91: ED-50266 | D91: LIMPEZA FINAL PARA ENTREGA DA OBRA | E91: M2 | F91: 76.97 | G91: 6.78 | H91: =ROUND(G91*(1+$H$8),2) -> 8.72 | I91: =ROUND(H91*F91,2) -> 671.18
A93: TOTAL | I93: =SUM(I11,I23,I26,I34,I43,I50,I56,I62,I67,I72,I86) -> 166220.41
A95: PEDRA AZUL, 07 DEABRIL DE 2024
C99: ___________________________________________________ | E99: ___________________________________________________
C100: KÊNIO ÁVILA FERNANDES | E100: =BDI!A30 -> MARCIO FERREIRA SOUTO
C101: ENGENHEIRO CIVIL RESPONSÁVEL | E101: =BDI!A31 -> PREFEITO MUNICIPAL DE PEDRA AZUL-MG

Sheet BDI
A4: Contratante: Prefeitura Municipal de Pedra Azul - MG
A5: ='MEMÓRIA DE CÁLCULO'!A5:F5 -> OBRA: REFORMA DE QUIOSQUES
A6: ='MEMÓRIA DE CÁLCULO'!A6:D6 -> LOCAL: PRAÇA JOAQUIM TEIXEIRA, CENTRO, PEDRA AZUL – MG. | C6: Data ref. do orçamento SEINFRA: JAN/24 DESONERADO
A7: Data: OUTUBRO/2023 | C7: Data ref. do orçamento ORSE: FEV/2024 DESONERADO
A8: CÁLCULO DA BONIFICAÇÃO E DESPESAS INDIRETAS
A10: ITEM | B10: BDI GERAL
A11: 1 | B11: TAXAS GERAIS: TG = (1 + (AC + R + (S + G)))*(1 + DF)*(1 + L) | C11: SIGLA | D11: =(1+(D12+D13+D14))*(1+D15)*(1+D16) -> 1.1169011
A12: 1.1 | B12: Rasteio da Administração Central | C12: AC | D12: 0.03
A13: 1.2 | B13: Riscos | C13: R | D13: 0.009
A14: 1.3 | B14: Seguro + Garantia do Empreendimento | C14: S+G | D14: 0.0085
A15: 1.4 | B15: Despesas Financeiras | C15: DF | D15: 0.0059
A16: 1.5 | B16: Lucro | C16: L | D16: 0.06
A17: 2 | B17: Taxas : T = (i°+i¹+i²+i³) | C17: T
A18: 2.1 | B18: COFINS | C18: i° | D18: 0.03
A19: 2.2 | B19: ISS | C19: i¹ | D19: 0.05
A20: 2.3 | B20: PIS | C20: i² | D20: 0.0065
A21: 2.4 | B21: CPRB | C21: i³ | D21: 0.045
A22: B.D.I. = { [TG / ( 1 - T)] - 1 } x 100 | D22: =((1+(D12+D13+D14))*(1+D15)*(1+D16)/(1-(D18+D19+D20+D21)))-1 -> 0.28601159
A23: PEDRA AZUL, 08 DE ABRIL DE 2024
A25: ___________________________________________________
A26: KÊNIO ÁVILA FERNANDES
A27: ENGENHEIRO CIVIL RESPONSÁVEL
A29: ___________________________________________________
A30: MARCIO FERREIRA SOUTO
A31: PREFEITO MUNICIPAL DE PEDRA AZUL-MG

Sheet CRONOGRAMA
A1: PREFEITURA MUNICIPAL DE PEDRA AZUL ESTADO DE MINAS GERAIS CNPJ: 18.414.565/0001-80
A7: ='[4]Planilha Orcamentaria '!A4:F4 -> PREFEITURA: Prefeitura Municipal de Pedra Azul - MG | H7: ISS: 5,00% | M7: DATA: 08/04/2024
A8: ='MEMÓRIA DE CÁLCULO'!A5:F5 -> OBRA: REFORMA DE QUIOSQUES
A9: ='MEMÓRIA DE CÁLCULO'!A6:G6 -> LOCAL: PRAÇA JOAQUIM TEIXEIRA, CENTRO, PEDRA AZUL – MG. | H9: BDI | J9: =BDI!D22 -> 0.28601159
A10: ='PLANILHA ORÇAMENTÁRIA'!A7:D7 -> REGIÃO/MÊS DE REFERÊNCIA: SEINFRA/REGIÃO JEQUITINHONHA JAN/2024 COM DESONERAÇÃO / SINAPI 02/2024 DESONERADO / CAERN 11/2023 / IOPES 12/2023 DESONERADO | J10: FORMA DE EXECUÇÃO: | L10: ( ) DIRETA
A11: PRAZO DE EXECUÇÃO: 03 Meses | L11: ( X ) INDIRETA
A12: CRONOGRAMA FÍSICO-FINANCEIRO
A13: Ítem | B13: Discriminação | D13: VALOR DOS SEVIÇOS | F13: Mês 1 | H13: Mês 2 | J13: Mês 3 | M13: TOTAL
D14: R$ | E14: % | F14: R$ | G14: % | H14: R$ | I14: % | J14: R$ | K14: % | M14: R$ | N14: %
A15: 1.0 | B15: ='PLANILHA ORÇAMENTÁRIA'!D11 -> SERVIÇOS PRELIMINARES | D15: ='PLANILHA ORÇAMENTÁRIA'!I11 -> 12882.6 | E15: =D15/$D$27 -> 0.077503118 | F15: =D15*G15 -> 12882.6 | G15: 1 | M15: =SUM(J15+H15+F15) -> 12882.6 | N15: =SUM(K15+I15+G15) -> 1
A16: 2.0 | B16: ='PLANILHA ORÇAMENTÁRIA'!D23 -> ALVENARIA | D16: ='PLANILHA ORÇAMENTÁRIA'!I23 -> 1187.07 | E16: =D16/$D$27 -> 0.0071415418 | F16: =D16*G16 -> 1187.07 | G16: 1 | H16: =I16*D16 -> 0 | J16: =K16*D16 -> 0 | M16: =SUM(J16+H16+F16) -> 1187.07 | N16: =SUM(K16+I16+G16) -> 1
A17: 3.0 | B17: ='PLANILHA ORÇAMENTÁRIA'!D26 -> INSTALAÇÕES HIDROSSANITÁRIAS | D17: ='PLANILHA ORÇAMENTÁRIA'!I26 -> 8883.46 | E17: =D17/$D$27 -> 0.053443858 | F17: =D17*G17 -> 8883.46 | G17: 1 | H17: =D17*I17 -> 0 | J17: =D17*K17 -> 0 | M17: =SUM(J17+H17+F17) -> 8883.46 | N17: =SUM(K17+I17+G17) -> 1
A18: 4.0 | B18: ='PLANILHA ORÇAMENTÁRIA'!D34 -> INSTALAÇÕES ELÉTRICAS | D18: ='PLANILHA ORÇAMENTÁRIA'!I34 -> 9624.15 | E18: =D18/$D$27 -> 0.057899929 | F18: =D18*G18 -> 9624.15 | G18: 1 | H18: =D18*I18 -> 0 | J18: =D18*K18 -> 0 | M18: =SUM(J18+H18+F18) -> 9624.15 | N18: =SUM(K18+I18+G18) -> 1
A19: 5.0 | B19: ='PLANILHA ORÇAMENTÁRIA'!D43 -> ESQUADRIAS | D19: ='PLANILHA ORÇAMENTÁRIA'!I43 -> 24254.3 | E19: =D19/$D$27 -> 0.1459165 | F19: =D19*G19 -> 24254.3 | G19: 1 | H19: =D19*I19 -> 0 | J19: =D19*K19 -> 0 | K19: 0 | M19: =SUM(J19+H19+F19) -> 24254.3 | N19: =SUM(K19+I19+G19) -> 1
A20: 6.0 | B20: ='PLANILHA ORÇAMENTÁRIA'!D50 -> REVESTIMENTOS | D20: ='PLANILHA ORÇAMENTÁRIA'!I50 -> 31759.15 | H20: =I20*D20 -> 31759.15 | I20: 1 | M20: =SUM(J20+H20+F20) -> 31759.15 | N20: =SUM(K20+I20+G20) -> 1
A21: 7.0 | B21: ='PLANILHA ORÇAMENTÁRIA'!D56 -> COBERTURA E FORROS | D21: ='PLANILHA ORÇAMENTÁRIA'!I56 -> 44932.4 | H21: =I21*D21 -> 31452.68 | I21: 0.7 | J21: =K21*D21 -> 13479.72 | K21: 0.3 | M21: =SUM(J21+H21+F21) -> 44932.4 | N21: =SUM(K21+I21+G21) -> 1
A22: 8.0 | B22: ='PLANILHA ORÇAMENTÁRIA'!D62 -> PISO | D22: ='PLANILHA ORÇAMENTÁRIA'!I62 -> 11551.77 | J22: =K22*D22 -> 11551.77 | K22: 1 | M22: =SUM(J22+H22+F22) -> 11551.77 | N22: =SUM(K22+I22+G22) -> 1
A23: 9.0 | B23: ='PLANILHA ORÇAMENTÁRIA'!D67 -> PINTURA | D23: ='PLANILHA ORÇAMENTÁRIA'!I67 -> 8824.21 | J23: =K23*D23 -> 8824.21 | K23: 1 | M23: =SUM(J23+H23+F23) -> 8824.21 | N23: =SUM(K23+I23+G23) -> 1
A24: 10.0 | B24: ='PLANILHA ORÇAMENTÁRIA'!D72 -> PEÇAS E ACESSÓRIOS SANITÁRIOS | D24: ='PLANILHA ORÇAMENTÁRIA'!I72 -> 6595.18 | J24: =K24*D24 -> 6595.18 | K24: 1 | M24: =SUM(J24+H24+F24) -> 6595.18 | N24: =SUM(K24+I24+G24) -> 1
A25: 11.0 | B25: ='PLANILHA ORÇAMENTÁRIA'!D86 -> SERVIÇOS FINAIS | D25: ='PLANILHA ORÇAMENTÁRIA'!I86 -> 5726.12 | J25: =K25*D25 -> 5726.12 | K25: 1 | M25: =SUM(J25+H25+F25) -> 5726.12 | N25: =SUM(K25+I25+G25) -> 1
B27: TOTAL | D27: =SUM(D15:D25) -> 166220.41 | E27: =SUM(E15:E19) -> 0.34190494 | F27: =SUM(F15:F19) -> 56831.58 | G27: =F27/D27 -> 0.34190494 | H27: =SUM(H15:H25) -> 63211.83 | I27: =H27/D27 -> 0.38028922 | J27: =SUM(J15:J25) -> 46177 | K27: =J27/D27 -> 0.27780584
B28: TOTAL ACUMULADO | D28: ='PLANILHA ORÇAMENTÁRIA'!I93 -> 166220.41 | E28: 1 | F28: =F27 -> 56831.58 | G28: =G27 -> 0.34190494 | H28: =H27+F28 -> 120043.41 | I28: =I27+G28 -> 0.72219416 | J28: =J27+H28 -> 166220.41 | K28: =K27+I28 -> 1
B32: ___________________________________________________ | G32: _________________________________________________________________
B33: KÊNIO ÁVILA FERNANDES - CREA MG 70.918/D | G33: MARCIO FERREIRA SOUTO
B34: ENGENHEIRO CIVIL RESPONSÁVEL | G34: PREFEITO MUNICIPAL DE PEDRA AZUL

Sheet CURVA ABC
A2: CURVA ABC DE CUSTOS
A3: PREFEITURA: Prefeitura Municipal de Pedra Azul - MG | C3: ISS 5%
A4: ='MEMÓRIA DE CÁLCULO'!A5:F5 -> OBRA: REFORMA DE QUIOSQUES | C4: DATA: | D4: =TODAY() -> 45390
A5: ='MEMÓRIA DE CÁLCULO'!A6:G6 -> LOCAL: PRAÇA JOAQUIM TEIXEIRA, CENTRO, PEDRA AZUL – MG.
A6: ='MEMÓRIA DE CÁLCULO'!A7:G7 -> REGIÃO/MÊS DE REFERÊNCIA: SEINFRA/REGIÃO JEQUITINHONHA JAN/2024 COM DESONERAÇÃO / SINAPI 02/2024 DESONERADO / CAERN 11/2023 / IOPES 12/2023 DESONERADO | C6: DIRETA ( ) | D6: INDIRETA ( x )
A7: ='[5]Planilha Resumo'!A7:B7 -> PRAZO DE EXECUÇÃO: 3 meses | C7: BDI | D7: =BDI!D22 -> 0.28601159
F8: ITEM | G8: DESCRIÇÃO | H8: PREÇO TOTAL | I8: % GERAL | J8: % ACUMULADA | K8: CATEGORIA | N8: CATEGORIA
F9: ='PLANILHA ORÇAMENTÁRIA'!A56 -> 7.0 | G9: ='PLANILHA ORÇAMENTÁRIA'!D56 -> COBERTURA E FORROS | H9: ='PLANILHA ORÇAMENTÁRIA'!I56 -> 44932.4 | I9: =H9/$H$22 -> 0.27031819 | J9: =I9 -> 0.27031819 | K9: =IF(J9<=$O$9,$N$9,IF(J9<=$O$10,$N$10,$N$11)) -> A | N9: A | O9: 0.8
F10: ='PLANILHA ORÇAMENTÁRIA'!A50 -> 6.0 | G10: ='PLANILHA ORÇAMENTÁRIA'!D50 -> REVESTIMENTOS | H10: ='PLANILHA ORÇAMENTÁRIA'!I50 -> 31759.15 | I10: =H10/$H$22 -> 0.19106649 | J10: =I10+J9 -> 0.46138468 | K10: =IF(J10<=$O$9,$N$9,IF(J10<=$O$10,$N$10,$N$11)) -> A | N10: B | O10: 0.95
F11: ='PLANILHA ORÇAMENTÁRIA'!A43 -> 5.0 | G11: ='PLANILHA ORÇAMENTÁRIA'!D43 -> ESQUADRIAS | H11: ='PLANILHA ORÇAMENTÁRIA'!I43 -> 24254.3 | I11: =H11/$H$22 -> 0.1459165 | J11: =I11+J10 -> 0.60730117 | K11: =IF(J11<=$O$9,$N$9,IF(J11<=$O$10,$N$10,$N$11)) -> A | N11: C | O11: 1
F12: ='PLANILHA ORÇAMENTÁRIA'!A11 -> 1.0 | G12: ='PLANILHA ORÇAMENTÁRIA'!D11 -> SERVIÇOS PRELIMINARES | H12: ='PLANILHA ORÇAMENTÁRIA'!I11 -> 12882.6 | I12: =H12/$H$22 -> 0.077503118 | J12: =I12+J11 -> 0.68480429 | K12: =IF(J12<=$O$9,$N$9,IF(J12<=$O$10,$N$10,$N$11)) -> A
F13: ='PLANILHA ORÇAMENTÁRIA'!A62 -> 8.0 | G13: ='PLANILHA ORÇAMENTÁRIA'!D62 -> PISO | H13: ='PLANILHA ORÇAMENTÁRIA'!I62 -> 11551.77 | I13: =H13/$H$22 -> 0.0694967 | J13: =I13+J12 -> 0.75430099 | K13: =IF(J13<=$O$9,$N$9,IF(J13<=$O$10,$N$10,$N$11)) -> A
F14: ='PLANILHA ORÇAMENTÁRIA'!A26 -> 3.0 | G14: ='PLANILHA ORÇAMENTÁRIA'!D34 -> INSTALAÇÕES ELÉTRICAS | H14: ='PLANILHA ORÇAMENTÁRIA'!I34 -> 9624.15 | I14: =H14/$H$22 -> 0.057899929 | J14: =I14+J13 -> 0.81220092 | K14: =IF(J14<=$O$9,$N$9,IF(J14<=$O$10,$N$10,$N$11)) -> B
F15: ='PLANILHA ORÇAMENTÁRIA'!A34 -> 4.0 | G15: ='PLANILHA ORÇAMENTÁRIA'!D26 -> INSTALAÇÕES HIDROSSANITÁRIAS | H15: ='PLANILHA ORÇAMENTÁRIA'!I26 -> 8883.46 | I15: =H15/$H$22 -> 0.053443858 | J15: =I15+J14 -> 0.86564478 | K15: =IF(J15<=$O$9,$N$9,IF(J15<=$O$10,$N$10,$N$11)) -> B
F16: ='PLANILHA ORÇAMENTÁRIA'!A67 -> 9.0 | G16: ='PLANILHA ORÇAMENTÁRIA'!D67 -> PINTURA | H16: ='PLANILHA ORÇAMENTÁRIA'!I67 -> 8824.21 | I16: =H16/$H$22 -> 0.053087404 | J16: =I16+J15 -> 0.91873218 | K16: =IF(J16<=$O$9,$N$9,IF(J16<=$O$10,$N$10,$N$11)) -> B
F17: ='PLANILHA ORÇAMENTÁRIA'!A72 -> 10.0 | G17: ='PLANILHA ORÇAMENTÁRIA'!D72 -> PEÇAS E ACESSÓRIOS SANITÁRIOS | H17: ='PLANILHA ORÇAMENTÁRIA'!I72 -> 6595.18 | I17: =H17/$H$22 -> 0.039677318 | J17: =J16+I17 -> 0.9584095 | K17: =IF(J17<=$O$9,$N$9,IF(J17<=$O$10,$N$10,$N$11)) -> C
F18: ='PLANILHA ORÇAMENTÁRIA'!A86 -> 11.0 | G18: ='PLANILHA ORÇAMENTÁRIA'!D86 -> SERVIÇOS FINAIS | H18: ='PLANILHA ORÇAMENTÁRIA'!I86 -> 5726.12 | I18: =H18/$H$22 -> 0.034448958 | J18: =J17+I18 -> 0.99285846 | K18: =IF(J18<=$O$9,$N$9,IF(J18<=$O$10,$N$10,$N$11)) -> C
F19: ='PLANILHA ORÇAMENTÁRIA'!A23 -> 2.0 | G19: ='PLANILHA ORÇAMENTÁRIA'!D23 -> ALVENARIA | H19: ='PLANILHA ORÇAMENTÁRIA'!I23 -> 1187.07 | I19: =H19/$H$22 -> 0.0071415418 | J19: =I19+J18 -> 1 | K19: =IF(J19<=$O$9,$N$9,IF(J19<=$O$10,$N$10,$N$11)) -> C
H22: =SUM(H9:H20) -> 166220.41 | I22: =SUM(I9:I20) -> 1
A30: ______________________________________________________ | C30: ___________________________________________________________
A31: KÊNIO ÁVILA FERNANDES | C31: MARCIO FERREIRA SOUTO
A32: ENGENHEIRO CIVIL - CREA-MG: 70.918/D | C32: PREFEITO MUNICIPAL
